Workbook

Sheet Entrate_Uscite
B1: 2016 | E1: 2017 | H1: 2018 | K1: 2019 | N1: 2020 | Q1: 2021 | T1: 2022 | W1: 2023 | Z1: Var. %
B2: Acc | C2: Risc | D2: %Risc | E2: Acc | F2: Risc | G2: %Risc | H2: Acc | I2: Risc | J2: %Risc | K2: Acc | L2: Risc | M2: %Risc | N2: Acc | O2: Risc | P2: %Risc | Q2: Acc | R2: Risc | S2: %Risc | T2: Acc | U2: Risc | V2: %Risc | W2: Acc | X2: Risc | Y2: %Risc | Z2: Acc | AA2: Risc
A3: 100 Entrate correnti di natura tributaria, contributiva e perequativa | B3: 7.1737422e+08 | C3: 6.1471069e+08 | D3: =IF(B3>0,C3/B3*100,"-") -> 85.688984 | E3: 7.0151647e+08 | F3: 6.0148762e+08 | G3: =IF(E3>0,F3/E3*100,"-") -> 85.741054 | H3: 7.0318082e+08 | I3: 5.9058319e+08 | J3: =IF(H3>0,I3/H3*100,"-") -> 83.987385 | K3: 7.3690311e+08 | L3: 6.026239e+08 | M3: =IF(K3>0,L3/K3*100,"-") -> 81.777903 | N3: 7.1996259e+08 | O3: 5.9423643e+08 | P3: =IF(N3>0,O3/N3*100,"-") -> 82.537125 | Q3: 7.507473e+08 | R3: 6.0732454e+08 | S3: =IF(Q3>0,R3/Q3*100,"-") -> 80.896 | T3: 7.8217093e+08 | U3: 6.1188358e+08 | V3: =IF(T3>0,U3/T3*100,"-") -> 78.228883 | W3: 7.8315269e+08 | X3: 6.1940091e+08 | Y3: =IF(W3>0,X3/W3*100,"-") -> 79.090696 | Z3: =IF(T3>0,W3/T3*100-100,"-") -> 0.12551776 | AA3: =IF(U3>0,X3/U3*100-100,"-") -> 1.2285564
A4: 200 Trasferimenti correnti | B4: 3.1885034e+08 | C4: 2.575733e+08 | D4: =IF(B4>0,C4/B4*100,"-") -> 80.78188 | E4: 2.048878e+08 | F4: 1.5815498e+08 | G4: =IF(E4>0,F4/E4*100,"-") -> 77.191021 | H4: 1.9124961e+08 | I4: 1.6812746e+08 | J4: =IF(H4>0,I4/H4*100,"-") -> 87.909961 | K4: 1.8260006e+08 | L4: 88893143 | M4: =IF(K4>0,L4/K4*100,"-") -> 48.68188 | N4: 2.4225357e+08 | O4: 2.321189e+08 | P4: =IF(N4>0,O4/N4*100,"-") -> 95.816501 | Q4: 2.013275e+08 | R4: 1.8986847e+08 | S4: =IF(Q4>0,R4/Q4*100,"-") -> 94.308262 | T4: 2.4996986e+08 | U4: 1.8859691e+08 | V4: =IF(T4>0,U4/T4*100,"-") -> 75.447859 | W4: 2.8580497e+08 | X4: 2.5087641e+08 | Y4: =IF(W4>0,X4/W4*100,"-") -> 87.778883 | Z4: =IF(T4>0,W4/T4*100-100,"-") -> 14.33577 | AA4: =IF(U4>0,X4/U4*100-100,"-") -> 33.022545
A5: 300 Entrate extratributarie | B5: 11784935 | C5: 6760876.7 | D5: =IF(B5>0,C5/B5*100,"-") -> 57.368809 | E5: 6090810 | F5: 5465537.7 | G5: =IF(E5>0,F5/E5*100,"-") -> 89.734168 | H5: 18037129 | I5: 5224066.6 | J5: =IF(H5>0,I5/H5*100,"-") -> 28.96285 | K5: 10871562 | L5: 3283421 | M5: =IF(K5>0,L5/K5*100,"-") -> 30.201925 | N5: 4940550.8 | O5: 4886247.3 | P5: =IF(N5>0,O5/N5*100,"-") -> 98.900861 | Q5: 13035862 | R5: 12884491 | S5: =IF(Q5>0,R5/Q5*100,"-") -> 98.83881 | T5: 7067058.2 | U5: 3966918.6 | V5: =IF(T5>0,U5/T5*100,"-") -> 56.13253 | W5: 8886751.1 | X5: 8721694.6 | Y5: =IF(W5>0,X5/W5*100,"-") -> 98.142667 | Z5: =IF(T5>0,W5/T5*100-100,"-") -> 25.748946 | AA5: =IF(U5>0,X5/U5*100-100,"-") -> 119.86069
A6: 401 Tributi in conto capitale | B6: 0 | C6: 0 | D6: =IF(B6>0,C6/B6*100,"-") -> - | E6: 102700.33 | F6: 102700.33 | G6: =IF(E6>0,F6/E6*100,"-") -> 100 | H6: 142223.59 | I6: 142223.59 | J6: =IF(H6>0,I6/H6*100,"-") -> 100 | K6: 152602.48 | L6: 152602.48 | M6: =IF(K6>0,L6/K6*100,"-") -> 100 | N6: 105049.01 | O6: 105049.01 | P6: =IF(N6>0,O6/N6*100,"-") -> 100 | Q6: 113594.55 | R6: 113594.55 | S6: =IF(Q6>0,R6/Q6*100,"-") -> 100 | T6: 230221.09 | U6: 230221.09 | V6: =IF(T6>0,U6/T6*100,"-") -> 100 | W6: 139636.19 | X6: 116092.68 | Y6: =IF(W6>0,X6/W6*100,"-") -> 83.139392 | Z6: =IF(T6>0,W6/T6*100-100,"-") -> -39.346916 | AA6: =IF(U6>0,X6/U6*100-100,"-") -> -49.573395
A7: 402 Contributi agli investimenti | B7: 59498858 | C7: 58306411 | D7: =IF(B7>0,C7/B7*100,"-") -> 97.995849 | E7: 1.3524434e+08 | F7: 80023014 | G7: =IF(E7>0,F7/E7*100,"-") -> 59.169217 | H7: 1.4499943e+08 | I7: 41311534 | J7: =IF(H7>0,I7/H7*100,"-") -> 28.490824 | K7: 1.0809556e+08 | L7: 63172509 | M7: =IF(K7>0,L7/K7*100,"-") -> 58.441353 | N7: 95449092 | O7: 49751233 | P7: =IF(N7>0,O7/N7*100,"-") -> 52.123317 | Q7: 1.5821295e+08 | R7: 28725597 | S7: =IF(Q7>0,R7/Q7*100,"-") -> 18.156287 | T7: 1.4689231e+08 | U7: 50514381 | V7: =IF(T7>0,U7/T7*100,"-") -> 34.388717 | W7: 1.4123685e+08 | X7: 20150574 | Y7: =IF(W7>0,X7/W7*100,"-") -> 14.267221 | Z7: =IF(T7>0,W7/T7*100-100,"-") -> -3.850069 | AA7: =IF(U7>0,X7/U7*100-100,"-") -> -60.109234
A8: 403 Altri trasferimenti in conto capitale | B8: 383609.36 | C8: 383609.36 | D8: =IF(B8>0,C8/B8*100,"-") -> 100 | E8: 303400 | F8: 303400 | G8: =IF(E8>0,F8/E8*100,"-") -> 100 | H8: 608652.23 | I8: 608652.23 | J8: =IF(H8>0,I8/H8*100,"-") -> 100 | K8: 0 | L8: 0 | M8: =IF(K8>0,L8/K8*100,"-") -> - | N8: 398069.11 | O8: 398069.11 | P8: =IF(N8>0,O8/N8*100,"-") -> 100 | Q8: 2175818.2 | R8: 2175818.2 | S8: =IF(Q8>0,R8/Q8*100,"-") -> 100 | T8: 52151083 | U8: 199605.26 | V8: =IF(T8>0,U8/T8*100,"-") -> 0.38274423 | W8: 10798940 | X8: 42124.19 | Y8: =IF(W8>0,X8/W8*100,"-") -> 0.39007709 | Z8: =IF(T8>0,W8/T8*100-100,"-") -> -79.292971 | AA8: =IF(U8>0,X8/U8*100-100,"-") -> -78.896253
A9: 404 Entrate da alienazione di beni materiali e immateriali | B9: 37122.48 | C9: 37122.48 | D9: =IF(B9>0,C9/B9*100,"-") -> 100 | E9: 20360.4 | F9: 20360.4 | G9: =IF(E9>0,F9/E9*100,"-") -> 100 | H9: 79354.7 | I9: 79354.7 | J9: =IF(H9>0,I9/H9*100,"-") -> 100 | K9: 0 | L9: 0 | M9: =IF(K9>0,L9/K9*100,"-") -> - | N9: 124330 | O9: 124330 | P9: =IF(N9>0,O9/N9*100,"-") -> 100 | Q9: 1043110.8 | R9: 1043110.8 | S9: =IF(Q9>0,R9/Q9*100,"-") -> 100 | T9: 28930.26 | U9: 28229 | V9: =IF(T9>0,U9/T9*100,"-") -> 97.576033 | W9: 9655.14 | X9: 9655.14 | Y9: =IF(W9>0,X9/W9*100,"-") -> 100 | Z9: =IF(T9>0,W9/T9*100-100,"-") -> -66.626155 | AA9: =IF(U9>0,X9/U9*100-100,"-") -> -65.797088
A10: 405 Altre entrate in conto capitale | B10: 0 | C10: 0 | D10: =IF(B10>0,C10/B10*100,"-") -> - | E10: 260195.92 | F10: 260195.92 | G10: =IF(E10>0,F10/E10*100,"-") -> 100 | H10: 477683.48 | I10: 360659.78 | J10: =IF(H10>0,I10/H10*100,"-") -> 75.501832 | K10: 365994.17 | L10: 209881.66 | M10: =IF(K10>0,L10/K10*100,"-") -> 57.345629 | N10: 9706262.7 | O10: 8266975 | P10: =IF(N10>0,O10/N10*100,"-") -> 85.171557 | Q10: 3263326.6 | R10: 3263326.6 | S10: =IF(Q10>0,R10/Q10*100,"-") -> 100 | T10: 1715926.6 | U10: 1607654.1 | V10: =IF(T10>0,U10/T10*100,"-") -> 93.690147 | W10: 1918810.8 | X10: 1887332.3 | Y10: =IF(W10>0,X10/W10*100,"-") -> 98.359482 | Z10: =IF(T10>0,W10/T10*100-100,"-") -> 11.823593 | AA10: =IF(U10>0,X10/U10*100-100,"-") -> 17.396664
A11: 501 Alienazione di attività finanziarie | B11: 0 | C11: 0 | D11: =IF(B11>0,C11/B11*100,"-") -> - | E11: 0 | F11: 0 | G11: =IF(E11>0,F11/E11*100,"-") -> - | H11: 0 | I11: 0 | J11: =IF(H11>0,I11/H11*100,"-") -> - | K11: 0 | L11: 0 | M11: =IF(K11>0,L11/K11*100,"-") -> - | N11: 0 | O11: 0 | P11: =IF(N11>0,O11/N11*100,"-") -> - | Q11: 0 | R11: 0 | S11: =IF(Q11>0,R11/Q11*100,"-") -> - | T11: 0 | U11: 0 | V11: =IF(T11>0,U11/T11*100,"-") -> - | W11: 0 | X11: 0 | Y11: =IF(W11>0,X11/W11*100,"-") -> - | Z11: =IF(T11>0,W11/T11*100-100,"-") -> - | AA11: =IF(U11>0,X11/U11*100-100,"-") -> -
A12: 502_3 Riscossione di crediti | B12: 0 | C12: 0 | D12: =IF(B12>0,C12/B12*100,"-") -> - | E12: 0 | F12: 0 | G12: =IF(E12>0,F12/E12*100,"-") -> - | H12: 0 | I12: 0 | J12: =IF(H12>0,I12/H12*100,"-") -> - | K12: 0 | L12: 0 | M12: =IF(K12>0,L12/K12*100,"-") -> - | N12: 0 | O12: 0 | P12: =IF(N12>0,O12/N12*100,"-") -> - | Q12: 0 | R12: 0 | S12: =IF(Q12>0,R12/Q12*100,"-") -> - | T12: 0 | U12: 0 | V12: =IF(T12>0,U12/T12*100,"-") -> - | W12: 0 | X12: 0 | Y12: =IF(W12>0,X12/W12*100,"-") -> - | Z12: =IF(T12>0,W12/T12*100-100,"-") -> - | AA12: =IF(U12>0,X12/U12*100-100,"-") -> -
A13: 504 Altre entrate per riduzione di attività finanziarie | B13: 0 | C13: 0 | D13: =IF(B13>0,C13/B13*100,"-") -> - | E13: 2217141 | F13: 2098389.9 | G13: =IF(E13>0,F13/E13*100,"-") -> 94.643954 | H13: 15711215 | I13: 12181249 | J13: =IF(H13>0,I13/H13*100,"-") -> 77.532191 | K13: 27373141 | L13: 26470034 | M13: =IF(K13>0,L13/K13*100,"-") -> 96.700756 | N13: 12105035 | O13: 11396893 | P13: =IF(N13>0,O13/N13*100,"-") -> 94.15002 | Q13: 17333563 | R13: 16291858 | S13: =IF(Q13>0,R13/Q13*100,"-") -> 93.990242 | T13: 9556095.5 | U13: 2958294.7 | V13: =IF(T13>0,U13/T13*100,"-") -> 30.957149 | W13: 8606039.8 | X13: 6402199.2 | Y13: =IF(W13>0,X13/W13*100,"-") -> 74.391931 | Z13: =IF(T13>0,W13/T13*100-100,"-") -> -9.9418816 | AA13: =IF(U13>0,X13/U13*100-100,"-") -> 116.41519
A14: - Entrate correnti | B14: =SUM(B3:B5) -> 1.0480095e+09 | C14: =SUM(C3:C5) -> 8.7904486e+08 | D14: =IF(B14>0,C14/B14*100,"-") -> 83.877566 | E14: =SUM(E3:E5) -> 9.1249508e+08 | F14: =SUM(F3:F5) -> 7.6510814e+08 | G14: =IF(E14>0,F14/E14*100,"-") -> 83.847919 | H14: =SUM(H3:H5) -> 9.1246756e+08 | I14: =SUM(I3:I5) -> 7.6393471e+08 | J14: =IF(H14>0,I14/H14*100,"-") -> 83.721849 | K14: =SUM(K3:K5) -> 9.3037473e+08 | L14: =SUM(L3:L5) -> 6.9480047e+08 | M14: =IF(K14>0,L14/K14*100,"-") -> 74.679637 | N14: =SUM(N3:N5) -> 9.6715672e+08 | O14: =SUM(O3:O5) -> 8.3124157e+08 | P14: =IF(N14>0,O14/N14*100,"-") -> 85.946937 | Q14: =SUM(Q3:Q5) -> 9.6511067e+08 | R14: =SUM(R3:R5) -> 8.100775e+08 | S14: =IF(Q14>0,R14/Q14*100,"-") -> 83.936229 | T14: =SUM(T3:T5) -> 1.0392078e+09 | U14: =SUM(U3:U5) -> 8.044474e+08 | V14: =IF(T14>0,U14/T14*100,"-") -> 77.409674 | W14: =SUM(W3:W5) -> 1.0778444e+09 | X14: =SUM(X3:X5) -> 8.7899901e+08 | Y14: =IF(W14>0,X14/W14*100,"-") -> 81.551568 | Z14: =IF(T14>0,W14/T14*100-100,"-") -> 3.7178858 | AA14: =IF(U14>0,X14/U14*100-100,"-") -> 9.2674312
A15: - Entrate in conto capitale | B15: =SUM(B6:B10) -> 59919590 | C15: =SUM(C6:C10) -> 58727143 | D15: =IF(B15>0,C15/B15*100,"-") -> 98.009921 | E15: =SUM(E6:E10) -> 1.3593099e+08 | F15: =SUM(F6:F10) -> 80709670 | G15: =IF(E15>0,F15/E15*100,"-") -> 59.375474 | H15: =SUM(H6:H10) -> 1.4630735e+08 | I15: =SUM(I6:I10) -> 42502424 | J15: =IF(H15>0,I15/H15*100,"-") -> 29.050095 | K15: =SUM(K6:K10) -> 1.0861416e+08 | L15: =SUM(L6:L10) -> 63534993 | M15: =IF(K15>0,L15/K15*100,"-") -> 58.49605 | N15: =SUM(N6:N10) -> 1.057828e+08 | O15: =SUM(O6:O10) -> 58645656 | P15: =IF(N15>0,O15/N15*100,"-") -> 55.439689 | Q15: =SUM(Q6:Q10) -> 1.648088e+08 | R15: =SUM(R6:R10) -> 35321447 | S15: =IF(Q15>0,R15/Q15*100,"-") -> 21.431773 | T15: =SUM(T6:T10) -> 2.0101847e+08 | U15: =SUM(U6:U10) -> 52580091 | V15: =IF(T15>0,U15/T15*100,"-") -> 26.156845 | W15: =SUM(W6:W10) -> 1.541039e+08 | X15: =SUM(X6:X10) -> 22205778 | Y15: =IF(W15>0,X15/W15*100,"-") -> 14.409615 | Z15: =IF(T15>0,W15/T15*100-100,"-") -> -23.33844 | AA15: =IF(U15>0,X15/U15*100-100,"-") -> -57.767707
A16: - Entrate da riduzione attività finanziarie | B16: =SUM(B11:B13) -> 0 | C16: =SUM(C11:C13) -> 0 | D16: =IF(B16>0,C16/B16*100,"-") -> - | E16: =SUM(E11:E13) -> 2217141 | F16: =SUM(F11:F13) -> 2098389.9 | G16: =IF(E16>0,F16/E16*100,"-") -> 94.643954 | H16: =SUM(H11:H13) -> 15711215 | I16: =SUM(I11:I13) -> 12181249 | J16: =IF(H16>0,I16/H16*100,"-") -> 77.532191 | K16: =SUM(K11:K13) -> 27373141 | L16: =SUM(L11:L13) -> 26470034 | M16: =IF(K16>0,L16/K16*100,"-") -> 96.700756 | N16: =SUM(N11:N13) -> 12105035 | O16: =SUM(O11:O13) -> 11396893 | P16: =IF(N16>0,O16/N16*100,"-") -> 94.15002 | Q16: =SUM(Q11:Q13) -> 17333563 | R16: =SUM(R11:R13) -> 16291858 | S16: =IF(Q16>0,R16/Q16*100,"-") -> 93.990242 | T16: =SUM(T11:T13) -> 9556095.5 | U16: =SUM(U11:U13) -> 2958294.7 | V16: =IF(T16>0,U16/T16*100,"-") -> 30.957149 | W16: =SUM(W11:W13) -> 8606039.8 | X16: =SUM(X11:X13) -> 6402199.2 | Y16: =IF(W16>0,X16/W16*100,"-") -> 74.391931 | Z16: =IF(T16>0,W16/T16*100-100,"-") -> -9.9418816 | AA16: =IF(U16>0,X16/U16*100-100,"-") -> 116.41519
A17: - Accensione di prestiti | B17: 254346000 | C17: 254346000 | D17: =IF(B17>0,C17/B17*100,"-") -> 100 | E17: 0 | F17: 0 | G17: =IF(E17>0,F17/E17*100,"-") -> - | H17: 0 | I17: 0 | J17: =IF(H17>0,I17/H17*100,"-") -> - | K17: 201345.96 | L17: 201345.96 | M17: =IF(K17>0,L17/K17*100,"-") -> 100 | N17: 999258.91 | O17: 999258.91 | P17: =IF(N17>0,O17/N17*100,"-") -> 100 | Q17: 73710323 | R17: 73710323 | S17: =IF(Q17>0,R17/Q17*100,"-") -> 100 | T17: 0 | U17: 0 | V17: =IF(T17>0,U17/T17*100,"-") -> - | W17: 0 | X17: 0 | Y17: =IF(W17>0,X17/W17*100,"-") -> - | Z17: =IF(T17>0,W17/T17*100-100,"-") -> - | AA17: =IF(U17>0,X17/U17*100-100,"-") -> -
A18: - Anticipazioni da istituto tesoriere/cassiere | B18: 0 | C18: 0 | D18: =IF(B18>0,C18/B18*100,"-") -> - | E18: 0 | F18: 0 | G18: =IF(E18>0,F18/E18*100,"-") -> - | H18: 0 | I18: 0 | J18: =IF(H18>0,I18/H18*100,"-") -> - | K18: 0 | L18: 0 | M18: =IF(K18>0,L18/K18*100,"-") -> - | N18: 0 | O18: 0 | P18: =IF(N18>0,O18/N18*100,"-") -> - | Q18: 0 | R18: 0 | S18: =IF(Q18>0,R18/Q18*100,"-") -> - | T18: 0 | U18: 0 | V18: =IF(T18>0,U18/T18*100,"-") -> - | W18: 0 | X18: 0 | Y18: =IF(W18>0,X18/W18*100,"-") -> - | Z18: =IF(T18>0,W18/T18*100-100,"-") -> - | AA18: =IF(U18>0,X18/U18*100-100,"-") -> -
A19: - Entrate per conto terzi e partite di giro | B19: 2.0302555e+08 | C19: 2.0201755e+08 | D19: =IF(B19>0,C19/B19*100,"-") -> 99.503514 | E19: 1.1984478e+08 | F19: 1.098714e+08 | G19: =IF(E19>0,F19/E19*100,"-") -> 91.678087 | H19: 1.576634e+08 | I19: 1.5319062e+08 | J19: =IF(H19>0,I19/H19*100,"-") -> 97.163079 | K19: 1.1803529e+08 | L19: 1.1778192e+08 | M19: =IF(K19>0,L19/K19*100,"-") -> 99.785346 | N19: 1.7124172e+08 | O19: 1.6254447e+08 | P19: =IF(N19>0,O19/N19*100,"-") -> 94.92107 | Q19: 1.1486941e+08 | R19: 1.1417792e+08 | S19: =IF(Q19>0,R19/Q19*100,"-") -> 99.39802 | T19: 1.2794324e+08 | U19: 1.2773472e+08 | V19: =IF(T19>0,U19/T19*100,"-") -> 99.837026 | W19: 1.8177296e+08 | X19: 1.8125807e+08 | Y19: =IF(W19>0,X19/W19*100,"-") -> 99.71674 | Z19: =IF(T19>0,W19/T19*100-100,"-") -> 42.07313 | AA19: =IF(U19>0,X19/U19*100-100,"-") -> 41.901955
A20: Totale Entrate | B20: =B14+B15+B16+B17+B18+B19 -> 1.5653006e+09 | C20: =C14+C15+C16+C17+C18+C19 -> 1.3941356e+09 | D20: =IF(B20>0,C20/B20*100,"-") -> 89.065035 | E20: =E14+E15+E16+E17+E18+E19 -> 1.170488e+09 | F20: =F14+F15+F16+F17+F18+F19 -> 9.577876e+08 | G20: =IF(E20>0,F20/E20*100,"-") -> 81.828058 | H20: =H14+H15+H16+H17+H18+H19 -> 1.2321495e+09 | I20: =I14+I15+I16+I17+I18+I19 -> 9.71809e+08 | J20: =IF(H20>0,I20/H20*100,"-") -> 78.871028 | K20: =K14+K15+K16+K17+K18+K19 -> 1.1845987e+09 | L20: =L14+L15+L16+L17+L18+L19 -> 9.0278876e+08 | M20: =IF(K20>0,L20/K20*100,"-") -> 76.210517 | N20: =N14+N15+N16+N17+N18+N19 -> 1.2572855e+09 | O20: =O14+O15+O16+O17+O18+O19 -> 1.0648279e+09 | P20: =IF(N20>0,O20/N20*100,"-") -> 84.692604 | Q20: =Q14+Q15+Q16+Q17+Q18+Q19 -> 1.3358328e+09 | R20: =R14+R15+R16+R17+R18+R19 -> 1.049579e+09 | S20: =IF(Q20>0,R20/Q20*100,"-") -> 78.571141 | T20: =T14+T15+T16+T17+T18+T19 -> 1.3777257e+09 | U20: =U14+U15+U16+U17+U18+U19 -> 9.8772051e+08 | V20: =IF(T20>0,U20/T20*100,"-") -> 71.692104 | W20: =W14+W15+W16+W17+W18+W19 -> 1.4223273e+09 | X20: =X14+X15+X16+X17+X18+X19 -> 1.0888651e+09 | Y20: =IF(W20>0,X20/W20*100,"-") -> 76.555168 | Z20: =IF(T20>0,W20/T20*100-100,"-") -> 3.2373394 | AA20: =IF(U20>0,X20/U20*100-100,"-") -> 10.240199
A21: Entrate nette | B21: =B20-B19 -> 1.3622751e+09 | C21: =C20-C19 -> 1.192118e+09 | D21: =IF(B21>0,C21/B21*100,"-") -> 87.509345 | E21: =E20-E19 -> 1.0506432e+09 | F21: =F20-F19 -> 8.479162e+08 | G21: =IF(E21>0,F21/E21*100,"-") -> 80.704485 | H21: =H20-H19 -> 1.0744861e+09 | I21: =I20-I19 -> 8.1861839e+08 | J21: =IF(H21>0,I21/H21*100,"-") -> 76.186967 | K21: =K20-K19 -> 1.0665634e+09 | L21: =L20-L19 -> 7.8500684e+08 | M21: =IF(K21>0,L21/K21*100,"-") -> 73.601519 | N21: =N20-N19 -> 1.0860438e+09 | O21: =O20-O19 -> 9.0228338e+08 | P21: =IF(N21>0,O21/N21*100,"-") -> 83.079832 | Q21: =Q20-Q19 -> 1.2209634e+09 | R21: =R20-R19 -> 9.3540113e+08 | S21: =IF(Q21>0,R21/Q21*100,"-") -> 76.611729 | T21: =T20-T19 -> 1.2497824e+09 | U21: =U20-U19 -> 8.5998579e+08 | V21: =IF(T21>0,U21/T21*100,"-") -> 68.810841 | W21: =W20-W19 -> 1.2405543e+09 | X21: =X20-X19 -> 9.0760699e+08 | Y21: =IF(W21>0,X21/W21*100,"-") -> 73.161405 | Z21: =IF(T21>0,W21/T21*100-100,"-") -> -0.7383741 | AA21: =IF(U21>0,X21/U21*100-100,"-") -> 5.5374406
B22: Imp | C22: Pag | E22: Imp | F22: Pag | H22: Imp | I22: Pag | K22: Imp | L22: Pag | N22: Imp | O22: Pag | Q22: Imp | R22: Pag | T22: Imp | U22: Pag | W22: Imp | X22: Pag
A23: 101 REDDITI DA LAVORO DIPENDENTE | B23: 37698418 | C23: 35162615 | D23: =IF(B23>0,C23/B23*100,"-") -> 93.273451 | E23: 34451236 | F23: 32042470 | G23: =IF(E23>0,F23/E23*100,"-") -> 93.008188 | H23: 32501170 | I23: 30408675 | J23: =IF(H23>0,I23/H23*100,"-") -> 93.561786 | K23: 33655615 | L23: 33410435 | M23: =IF(K23>0,L23/K23*100,"-") -> 99.271503 | N23: 31024702 | O23: 28078604 | P23: =IF(N23>0,O23/N23*100,"-") -> 90.504025 | Q23: 28483977 | R23: 27304118 | S23: =IF(Q23>0,R23/Q23*100,"-") -> 95.857817 | T23: 26595503 | U23: 25034315 | V23: =IF(T23>0,U23/T23*100,"-") -> 94.12988 | W23: 22378197 | X23: 21726837 | Y23: =IF(W23>0,X23/W23*100,"-") -> 97.089311 | Z23: =IF(T23>0,W23/T23*100-100,"-") -> -15.857216 | AA23: =IF(U23>0,X23/U23*100-100,"-") -> -13.211778
A24: 102 IMPOSTE E TASSE A CARICO DELL'ENTE | B24: 1046665.8 | C24: 613652.31 | D24: =IF(B24>0,C24/B24*100,"-") -> 58.629251 | E24: 1124039.4 | F24: 909437.72 | G24: =IF(E24>0,F24/E24*100,"-") -> 80.907994 | H24: 2975787.9 | I24: 2444469.1 | J24: =IF(H24>0,I24/H24*100,"-") -> 82.145273 | K24: 2848263.8 | L24: 2740455.1 | M24: =IF(K24>0,L24/K24*100,"-") -> 96.214934 | N24: 2835183 | O24: 2292221.3 | P24: =IF(N24>0,O24/N24*100,"-") -> 80.849148 | Q24: 2299687.8 | R24: 1833824.1 | S24: =IF(Q24>0,R24/Q24*100,"-") -> 79.742309 | T24: 2205436.2 | U24: 2072949.5 | V24: =IF(T24>0,U24/T24*100,"-") -> 93.992722 | W24: 2038180.3 | X24: 1964640.3 | Y24: =IF(W24>0,X24/W24*100,"-") -> 96.391881 | Z24: =IF(T24>0,W24/T24*100-100,"-") -> -7.5838005 | AA24: =IF(U24>0,X24/U24*100-100,"-") -> -5.2248823
A25: 103 ACQUISTO DI BENI E SERVIZI | B25: 3.9324143e+08 | C25: 2.9329499e+08 | D25: =IF(B25>0,C25/B25*100,"-") -> 74.58395 | E25: 1.657952e+08 | F25: 1.5456655e+08 | G25: =IF(E25>0,F25/E25*100,"-") -> 93.2274 | H25: 1.7935224e+08 | I25: 1.712708e+08 | J25: =IF(H25>0,I25/H25*100,"-") -> 95.494094 | K25: 1.7400669e+08 | L25: 85762788 | M25: =IF(K25>0,L25/K25*100,"-") -> 49.287063 | N25: 1.7813224e+08 | O25: 1.6220016e+08 | P25: =IF(N25>0,O25/N25*100,"-") -> 91.056041 | Q25: 1.5921862e+08 | R25: 1.2263528e+08 | S25: =IF(Q25>0,R25/Q25*100,"-") -> 77.023203 | T25: 1.8643119e+08 | U25: 1.1030892e+08 | V25: =IF(T25>0,U25/T25*100,"-") -> 59.168705 | W25: 2.076663e+08 | X25: 1.5557908e+08 | Y25: =IF(W25>0,X25/W25*100,"-") -> 74.917829 | Z25: =IF(T25>0,W25/T25*100-100,"-") -> 11.390321 | AA25: =IF(U25>0,X25/U25*100-100,"-") -> 41.039442
A26: 104 TRASFERIMENTI CORRENTI | B26: 8.5902319e+08 | C26: 6.2946356e+08 | D26: =IF(B26>0,C26/B26*100,"-") -> 73.276667 | E26: 6.4472039e+08 | F26: 5.5226761e+08 | G26: =IF(E26>0,F26/E26*100,"-") -> 85.660019 | H26: 6.16377e+08 | I26: 5.5960875e+08 | J26: =IF(H26>0,I26/H26*100,"-") -> 90.790011 | K26: 6.417937e+08 | L26: 5.5509898e+08 | M26: =IF(K26>0,L26/K26*100,"-") -> 86.491809 | N26: 6.8457896e+08 | O26: 5.9518504e+08 | P26: =IF(N26>0,O26/N26*100,"-") -> 86.941766 | Q26: 6.8681296e+08 | R26: 5.8805077e+08 | S26: =IF(Q26>0,R26/Q26*100,"-") -> 85.62022 | T26: 7.2648231e+08 | U26: 5.7724248e+08 | V26: =IF(T26>0,U26/T26*100,"-") -> 79.457197 | W26: 7.0970106e+08 | X26: 5.9024475e+08 | Y26: =IF(W26>0,X26/W26*100,"-") -> 83.168081 | Z26: =IF(T26>0,W26/T26*100-100,"-") -> -2.3099321 | AA26: =IF(U26>0,X26/U26*100-100,"-") -> 2.2524805
A27: 105 TRASFERIMENTI DI TRIBUTI | B27: 0 | C27: 0 | E27: 0 | F27: 0 | H27: 0 | I27: 0 | K27: 0 | L27: 0 | N27: 0 | O27: 0 | Q27: 0 | R27: 0 | T27: 0 | U27: 0 | W27: 0 | X27: 0 | Z27: =IF(T27>0,W27/T27*100-100,"-") -> - | AA27: =IF(U27>0,X27/U27*100-100,"-") -> -
A28: 106 FONDI PEREQUATIVI | B28: 0 | C28: 0 | E28: 0 | F28: 0 | H28: 0 | I28: 0 | K28: 0 | L28: 0 | N28: 0 | O28: 0 | Q28: 0 | R28: 0 | T28: 0 | U28: 0 | W28: 0 | X28: 0 | Z28: =IF(T28>0,W28/T28*100-100,"-") -> - | AA28: =IF(U28>0,X28/U28*100-100,"-") -> -
A29: 107 INTERESSI PASSIVI | B29: 16280128 | C29: 16280128 | D29: =IF(B29>0,C29/B29*100,"-") -> 100 | E29: 15091460 | F29: 15091460 | G29: =IF(E29>0,F29/E29*100,"-") -> 100 | H29: 16088120 | I29: 16088120 | J29: =IF(H29>0,I29/H29*100,"-") -> 100 | K29: 11636669 | L29: 11636669 | M29: =IF(K29>0,L29/K29*100,"-") -> 100 | N29: 14482562 | O29: 14482562 | P29: =IF(N29>0,O29/N29*100,"-") -> 100 | Q29: 13274705 | R29: 13274706 | S29: =IF(Q29>0,R29/Q29*100,"-") -> 100.00001 | T29: 11903778 | U29: 10942897 | V29: =IF(T29>0,U29/T29*100,"-") -> 91.927933 | W29: 13892698 | X29: 13553633 | Y29: =IF(W29>0,X29/W29*100,"-") -> 97.559396 | Z29: =IF(T29>0,W29/T29*100-100,"-") -> 16.708309 | AA29: =IF(U29>0,X29/U29*100-100,"-") -> 23.857807
A30: 108 ALTRE SPESE PER REDDITI DA CAPITALE | B30: 0 | C30: 0 | D30: =IF(B30>0,C30/B30*100,"-") -> - | E30: 0 | F30: 0 | G30: =IF(E30>0,F30/E30*100,"-") -> - | H30: 0 | I30: 0 | J30: =IF(H30>0,I30/H30*100,"-") -> - | K30: 0 | L30: 0 | M30: =IF(K30>0,L30/K30*100,"-") -> - | N30: 0 | O30: 0 | P30: =IF(N30>0,O30/N30*100,"-") -> - | Q30: 0 | R30: 0 | S30: =IF(Q30>0,R30/Q30*100,"-") -> - | T30: 0 | U30: 0 | V30: =IF(T30>0,U30/T30*100,"-") -> - | W30: 0 | X30: 0 | Y30: =IF(W30>0,X30/W30*100,"-") -> - | Z30: =IF(T30>0,W30/T30*100-100,"-") -> - | AA30: =IF(U30>0,X30/U30*100-100,"-") -> -
A31: 109 RIMBORSI E POSTE CORRETTIVE DELLE ENTRATE | B31: 567159.06 | C31: 259902.07 | D31: =IF(B31>0,C31/B31*100,"-") -> 45.825252 | E31: 254584.82 | F31: 187990.95 | G31: =IF(E31>0,F31/E31*100,"-") -> 73.842168 | H31: 266896.41 | I31: 136380.58 | J31: =IF(H31>0,I31/H31*100,"-") -> 51.098694 | K31: 266413.04 | L31: 155752.52 | M31: =IF(K31>0,L31/K31*100,"-") -> 58.462799 | N31: 138014.01 | O31: 72263.1 | P31: =IF(N31>0,O31/N31*100,"-") -> 52.35925 | Q31: 45007.24 | R31: 25763.99 | S31: =IF(Q31>0,R31/Q31*100,"-") -> 57.244101 | T31: 61132.14 | U31: 41110.96 | V31: =IF(T31>0,U31/T31*100,"-") -> 67.249339 | W31: 84674.59 | X31: 77493.62 | Y31: =IF(W31>0,X31/W31*100,"-") -> 91.519333 | Z31: =IF(T31>0,W31/T31*100-100,"-") -> 38.510757 | AA31: =IF(U31>0,X31/U31*100-100,"-") -> 88.498687
A32: 110 ALTRE SPESE CORRENTI | B32: 2615971.2 | C32: 2486337.8 | D32: =IF(B32>0,C32/B32*100,"-") -> 95.044542 | E32: 19672776 | F32: 12643904 | G32: =IF(E32>0,F32/E32*100,"-") -> 64.27107 | H32: 11261556 | I32: 10007146 | J32: =IF(H32>0,I32/H32*100,"-") -> 88.861128 | K32: 16427949 | L32: 10663798 | M32: =IF(K32>0,L32/K32*100,"-") -> 64.912534 | N32: 16730881 | O32: 14613579 | P32: =IF(N32>0,O32/N32*100,"-") -> 87.344947 | Q32: 18956990 | R32: 17958130 | S32: =IF(Q32>0,R32/Q32*100,"-") -> 94.730912 | T32: 21508109 | U32: 14546788 | V32: =IF(T32>0,U32/T32*100,"-") -> 67.63397 | W32: 26815712 | X32: 16573957 | Y32: =IF(W32>0,X32/W32*100,"-") -> 61.806886 | Z32: =IF(T32>0,W32/T32*100-100,"-") -> 24.677221 | AA32: =IF(U32>0,X32/U32*100-100,"-") -> 13.935508
A33: 201 TRIBUTI IN CONTO CAPITALE A CARICO DELL?ENTE | B33: 0 | C33: 0 | D33: =IF(B33>0,C33/B33*100,"-") -> - | E33: 0 | F33: 0 | G33: =IF(E33>0,F33/E33*100,"-") -> - | H33: 0 | I33: 0 | J33: =IF(H33>0,I33/H33*100,"-") -> - | K33: 0 | L33: 0 | M33: =IF(K33>0,L33/K33*100,"-") -> - | N33: 0 | O33: 0 | P33: =IF(N33>0,O33/N33*100,"-") -> - | Q33: 0 | R33: 0 | S33: =IF(Q33>0,R33/Q33*100,"-") -> - | T33: 0 | U33: 0 | V33: =IF(T33>0,U33/T33*100,"-") -> - | W33: 0 | X33: 0 | Y33: =IF(W33>0,X33/W33*100,"-") -> - | Z33: =IF(T33>0,W33/T33*100-100,"-") -> - | AA33: =IF(U33>0,X33/U33*100-100,"-") -> -
A34: 202 INVESTIMENTI FISSI LORDI E ACQUISTO DI TERRENI | B34: 1673391.1 | C34: 0 | D34: =IF(B34>0,C34/B34*100,"-") -> 0 | E34: 271221.66 | F34: 0 | G34: =IF(E34>0,F34/E34*100,"-") -> 0 | H34: 757438.59 | I34: 0 | J34: =IF(H34>0,I34/H34*100,"-") -> 0 | K34: 4669944 | L34: 0 | M34: =IF(K34>0,L34/K34*100,"-") -> 0 | N34: 1642041.1 | O34: 0 | P34: =IF(N34>0,O34/N34*100,"-") -> 0 | Q34: 15597712 | R34: 1346445.3 | S34: =IF(Q34>0,R34/Q34*100,"-") -> 8.632326 | T34: 3723802.1 | U34: 1640827.7 | V34: =IF(T34>0,U34/T34*100,"-") -> 44.063237 | W34: 21605169 | X34: 5851907.7 | Y34: =IF(W34>0,X34/W34*100,"-") -> 27.085684 | Z34: =IF(T34>0,W34/T34*100-100,"-") -> 480.19112 | AA34: =IF(U34>0,X34/U34*100-100,"-") -> 256.64364
A35: 203 CONTRIBUTI AGLI INVESTIMENTI | B35: 1.2804531e+08 | C35: 0 | D35: =IF(B35>0,C35/B35*100,"-") -> 0 | E35: 1.7766518e+08 | F35: 0 | G35: =IF(E35>0,F35/E35*100,"-") -> 0 | H35: 1.7119365e+08 | I35: 0 | J35: =IF(H35>0,I35/H35*100,"-") -> 0 | K35: 1.3501492e+08 | L35: 0 | M35: =IF(K35>0,L35/K35*100,"-") -> 0 | N35: 1.3835742e+08 | O35: 0 | P35: =IF(N35>0,O35/N35*100,"-") -> 0 | Q35: 1.451829e+08 | R35: 53367378 | S35: =IF(Q35>0,R35/Q35*100,"-") -> 36.758723 | T35: 2.0854249e+08 | U35: 47818974 | V35: =IF(T35>0,U35/T35*100,"-") -> 22.930087 | W35: 1.4642852e+08 | X35: 28360405 | Y35: =IF(W35>0,X35/W35*100,"-") -> 19.368089 | Z35: =IF(T35>0,W35/T35*100-100,"-") -> -29.784805 | AA35: =IF(U35>0,X35/U35*100-100,"-") -> -40.692151
A36: 204ALTRI TRASFERIMENTI IN CONTO CAPITALE | B36: 77844.02 | C36: 0 | D36: =IF(B36>0,C36/B36*100,"-") -> 0 | E36: 87961.88 | F36: 0 | G36: =IF(E36>0,F36/E36*100,"-") -> 0 | H36: 1540562.9 | I36: 0 | J36: =IF(H36>0,I36/H36*100,"-") -> 0 | K36: 58102.06 | L36: 0 | M36: =IF(K36>0,L36/K36*100,"-") -> 0 | N36: 2818383.1 | O36: 0 | P36: =IF(N36>0,O36/N36*100,"-") -> 0 | Q36: 5325713.8 | R36: 2873680.6 | S36: =IF(Q36>0,R36/Q36*100,"-") -> 53.9586 | T36: 630211.3 | U36: 0 | V36: =IF(T36>0,U36/T36*100,"-") -> 0 | W36: 2267215.6 | X36: 701148.64 | Y36: =IF(W36>0,X36/W36*100,"-") -> 30.925539 | Z36: =IF(T36>0,W36/T36*100-100,"-") -> 259.75483 | AA36: =IF(U36>0,X36/U36*100-100,"-") -> -
A37: 205ALTRE SPESE IN CONTO CAPITALE | B37: 4874921 | C37: 0 | D37: =IF(B37>0,C37/B37*100,"-") -> 0 | E37: 1601096.6 | F37: 0 | G37: =IF(E37>0,F37/E37*100,"-") -> 0 | H37: 5170214 | I37: 0 | J37: =IF(H37>0,I37/H37*100,"-") -> 0 | K37: 3999.16 | L37: 0 | M37: =IF(K37>0,L37/K37*100,"-") -> 0 | N37: 940699.46 | O37: 0 | P37: =IF(N37>0,O37/N37*100,"-") -> 0 | Q37: 3703188.7 | R37: 1115715.7 | S37: =IF(Q37>0,R37/Q37*100,"-") -> 30.128513 | T37: 452370.45 | U37: 202020.86 | V37: =IF(T37>0,U37/T37*100,"-") -> 44.65828 | W37: 1031698.7 | X37: 50334.79 | Y37: =IF(W37>0,X37/W37*100,"-") -> 4.8788267 | Z37: =IF(T37>0,W37/T37*100-100,"-") -> 128.065 | AA37: =IF(U37>0,X37/U37*100-100,"-") -> -75.08436
A38: 301 ACQUISIZIONI DI ATTIVITA' FINANZIARIE | B38: 0 | C38: 0 | D38: =IF(B38>0,C38/B38*100,"-") -> - | E38: 1967158.2 | F38: 1967158.2 | G38: =IF(E38>0,F38/E38*100,"-") -> 100 | H38: 0 | I38: 0 | J38: =IF(H38>0,I38/H38*100,"-") -> - | K38: 1947750 | M38: =IF(K38>0,L38/K38*100,"-") -> 0 | N38: 0 | O38: 0 | P38: =IF(N38>0,O38/N38*100,"-") -> - | Q38: 0 | R38: 0 | S38: =IF(Q38>0,R38/Q38*100,"-") -> - | T38: 0 | U38: 0 | V38: =IF(T38>0,U38/T38*100,"-") -> - | W38: 0 | X38: 0 | Y38: =IF(W38>0,X38/W38*100,"-") -> - | Z38: =IF(T38>0,W38/T38*100-100,"-") -> - | AA38: =IF(U38>0,X38/U38*100-100,"-") -> -
A39: 302 CONCESSIONE CREDITI DI BREVE TERMINE | B39: 0 | C39: 0 | D39: =IF(B39>0,C39/B39*100,"-") -> - | E39: 0 | F39: 0 | G39: =IF(E39>0,F39/E39*100,"-") -> - | H39: 0 | I39: 0 | J39: =IF(H39>0,I39/H39*100,"-") -> - | K39: 0 | L39: 0 | M39: =IF(K39>0,L39/K39*100,"-") -> - | N39: 0 | O39: 0 | P39: =IF(N39>0,O39/N39*100,"-") -> - | Q39: 0 | R39: 0 | S39: =IF(Q39>0,R39/Q39*100,"-") -> - | T39: 0 | U39: 0 | V39: =IF(T39>0,U39/T39*100,"-") -> - | W39: 0 | X39: 0 | Y39: =IF(W39>0,X39/W39*100,"-") -> - | Z39: =IF(T39>0,W39/T39*100-100,"-") -> - | AA39: =IF(U39>0,X39/U39*100-100,"-") -> -
A40: 303 CONCESSIONE CREDITI DI MEDIO-LUNGO TERMINE | B40: 0 | C40: 0 | D40: =IF(B40>0,C40/B40*100,"-") -> - | E40: 0 | F40: 0 | G40: =IF(E40>0,F40/E40*100,"-") -> - | H40: 0 | I40: 0 | J40: =IF(H40>0,I40/H40*100,"-") -> - | K40: 0 | L40: 0 | M40: =IF(K40>0,L40/K40*100,"-") -> - | N40: 0 | O40: 0 | P40: =IF(N40>0,O40/N40*100,"-") -> - | Q40: 0 | R40: 0 | S40: =IF(Q40>0,R40/Q40*100,"-") -> - | T40: 0 | U40: 0 | V40: =IF(T40>0,U40/T40*100,"-") -> - | W40: 0 | X40: 0 | Y40: =IF(W40>0,X40/W40*100,"-") -> - | Z40: =IF(T40>0,W40/T40*100-100,"-") -> - | AA40: =IF(U40>0,X40/U40*100-100,"-") -> -
A41: 304 ALTRE SPESE PER INCREMENTO DI ATTIVITA' FINANZIARIE | B41: 1637500 | C41: 1637500 | D41: =IF(B41>0,C41/B41*100,"-") -> 100 | E41: 3854641 | F41: 3854641 | G41: =IF(E41>0,F41/E41*100,"-") -> 100 | H41: 17348715 | I41: 15711215 | J41: =IF(H41>0,I41/H41*100,"-") -> 90.56126 | K41: 29010641 | M41: =IF(K41>0,L41/K41*100,"-") -> 0 | N41: 12105035 | O41: 12105035 | P41: =IF(N41>0,O41/N41*100,"-") -> 100 | Q41: 17333563 | R41: 17333563 | S41: =IF(Q41>0,R41/Q41*100,"-") -> 100 | T41: 9556095.5 | U41: 9391512.7 | V41: =IF(T41>0,U41/T41*100,"-") -> 98.277718 | W41: 8606039.8 | X41: 8606039.8 | Y41: =IF(W41>0,X41/W41*100,"-") -> 100 | Z41: =IF(T41>0,W41/T41*100-100,"-") -> -9.9418816 | AA41: =IF(U41>0,X41/U41*100-100,"-") -> -8.3636454
A42: 401 RIMBORSO DI TITOLI OBBLIGAZIONARI | B42: 8888190.9 | C42: 8888190.9 | D42: =IF(B42>0,C42/B42*100,"-") -> 100 | E42: 8944318.3 | F42: 8944318.3 | G42: =IF(E42>0,F42/E42*100,"-") -> 100 | H42: 9001782.6 | I42: 9001782.6 | J42: =IF(H42>0,I42/H42*100,"-") -> 100 | K42: 9110384.9 | L42: 9110384.9 | M42: =IF(K42>0,L42/K42*100,"-") -> 100 | N42: 9120722.8 | O42: 9120722.8 | P42: =IF(N42>0,O42/N42*100,"-") -> 100 | Q42: 0 | R42: 0 | S42: =IF(Q42>0,R42/Q42*100,"-") -> - | T42: 9309773.6 | U42: 9309773.6 | V42: =IF(T42>0,U42/T42*100,"-") -> 100 | W42: 9309773.6 | X42: 9309773.6 | Y42: =IF(W42>0,X42/W42*100,"-") -> 100 | Z42: =IF(T42>0,W42/T42*100-100,"-") -> 0 | AA42: =IF(U42>0,X42/U42*100-100,"-") -> 0
A43: 402 RIMBORSO PRESTITI A BREVE TERMINE | B43: 0 | C43: 0 | D43: =IF(B43>0,C43/B43*100,"-") -> - | E43: 0 | F43: 0 | G43: =IF(E43>0,F43/E43*100,"-") -> - | H43: 0 | I43: 0 | J43: =IF(H43>0,I43/H43*100,"-") -> - | K43: 201345.96 | L43: 201345.96 | M43: =IF(K43>0,L43/K43*100,"-") -> 100 | N43: 999258.91 | O43: 999258.91 | P43: =IF(N43>0,O43/N43*100,"-") -> 100 | Q43: 0 | R43: 0 | S43: =IF(Q43>0,R43/Q43*100,"-") -> - | T43: 0 | U43: 0 | V43: =IF(T43>0,U43/T43*100,"-") -> - | W43: 0 | X43: 0 | Y43: =IF(W43>0,X43/W43*100,"-") -> - | Z43: =IF(T43>0,W43/T43*100-100,"-") -> - | AA43: =IF(U43>0,X43/U43*100-100,"-") -> -
A44: 403 RIMBORSO MUTUI E ALTRI FINANZIAMENTI A MEDIO LUNGO TERMINE | B44: 8671629.3 | C44: 8671629.3 | D44: =IF(B44>0,C44/B44*100,"-") -> 100 | E44: 16067687 | F44: 16067687 | G44: =IF(E44>0,F44/E44*100,"-") -> 100 | H44: 15600781 | I44: 15600781 | J44: =IF(H44>0,I44/H44*100,"-") -> 100 | K44: 10904810 | L44: 10904810 | M44: =IF(K44>0,L44/K44*100,"-") -> 100 | N44: 9960078.1 | O44: 9960078.1 | P44: =IF(N44>0,O44/N44*100,"-") -> 100 | Q44: 0 | R44: 0 | S44: =IF(Q44>0,R44/Q44*100,"-") -> - | T44: 14169656 | U44: 14169656 | V44: =IF(T44>0,U44/T44*100,"-") -> 100 | W44: 14364965 | X44: 14364965 | Y44: =IF(W44>0,X44/W44*100,"-") -> 100 | Z44: =IF(T44>0,W44/T44*100-100,"-") -> 1.3783593 | AA44: =IF(U44>0,X44/U44*100-100,"-") -> 1.3783593
A45: 404 RIMBORSO DI ALTRE FORME DI INDEBITAMENTO | B45: 0 | C45: 0 | D45: =IF(B45>0,C45/B45*100,"-") -> - | E45: 0 | F45: 0 | G45: =IF(E45>0,F45/E45*100,"-") -> - | H45: 0 | I45: 0 | J45: =IF(H45>0,I45/H45*100,"-") -> - | K45: 0 | L45: 0 | M45: =IF(K45>0,L45/K45*100,"-") -> - | N45: 0 | O45: 0 | P45: =IF(N45>0,O45/N45*100,"-") -> - | Q45: 0 | R45: 0 | S45: =IF(Q45>0,R45/Q45*100,"-") -> - | T45: 0 | U45: 0 | V45: =IF(T45>0,U45/T45*100,"-") -> - | W45: 0 | X45: 0 | Y45: =IF(W45>0,X45/W45*100,"-") -> - | Z45: =IF(T45>0,W45/T45*100-100,"-") -> - | AA45: =IF(U45>0,X45/U45*100-100,"-") -> -
A46: 405 FONDI PER RIMBORSO PRESTITI | B46: 0 | C46: 0 | D46: =IF(B46>0,C46/B46*100,"-") -> - | E46: 0 | F46: 0 | G46: =IF(E46>0,F46/E46*100,"-") -> - | H46: 0 | I46: 0 | J46: =IF(H46>0,I46/H46*100,"-") -> - | K46: 0 | L46: 0 | M46: =IF(K46>0,L46/K46*100,"-") -> - | N46: 0 | O46: 0 | P46: =IF(N46>0,O46/N46*100,"-") -> - | Q46: 0 | R46: 0 | S46: =IF(Q46>0,R46/Q46*100,"-") -> - | T46: 0 | U46: 0 | V46: =IF(T46>0,U46/T46*100,"-") -> - | W46: 0 | X46: 0 | Y46: =IF(W46>0,X46/W46*100,"-") -> - | Z46: =IF(T46>0,W46/T46*100-100,"-") -> - | AA46: =IF(U46>0,X46/U46*100-100,"-") -> -
A47: 501 CHIUSURA ANTICIPAZIONI RICEVUTE DA ISTITUTO TESORIERE/CASSIERE | B47: 0 | C47: 0 | D47: =IF(B47>0,C47/B47*100,"-") -> - | E47: 0 | F47: 0 | G47: =IF(E47>0,F47/E47*100,"-") -> - | H47: 0 | I47: 0 | J47: =IF(H47>0,I47/H47*100,"-") -> - | K47: 0 | L47: 0 | M47: =IF(K47>0,L47/K47*100,"-") -> - | N47: 0 | O47: 0 | P47: =IF(N47>0,O47/N47*100,"-") -> - | Q47: 0 | R47: 0 | S47: =IF(Q47>0,R47/Q47*100,"-") -> - | T47: 0 | U47: 0 | V47: =IF(T47>0,U47/T47*100,"-") -> - | W47: 0 | X47: 0 | Y47: =IF(W47>0,X47/W47*100,"-") -> - | Z47: =IF(T47>0,W47/T47*100-100,"-") -> - | AA47: =IF(U47>0,X47/U47*100-100,"-") -> -
A48: 701 USCITE PER PARTITE DI GIRO | B48: 1.9089046e+08 | C48: 0 | D48: =IF(B48>0,C48/B48*100,"-") -> 0 | E48: 1.121022e+08 | F48: 0 | G48: =IF(E48>0,F48/E48*100,"-") -> 0 | H48: 1.5529622e+08 | I48: 0 | J48: =IF(H48>0,I48/H48*100,"-") -> 0 | K48: 1.1556573e+08 | L48: 0 | M48: =IF(K48>0,L48/K48*100,"-") -> 0 | N48: 1.695222e+08 | O48: 0 | P48: =IF(N48>0,O48/N48*100,"-") -> 0 | Q48: 0 | R48: 0 | S48: =IF(Q48>0,R48/Q48*100,"-") -> - | T48: 1.1906024e+08 | V48: =IF(T48>0,U48/T48*100,"-") -> 0 | W48: 1.7984795e+08 | X48: 97530564 | Y48: =IF(W48>0,X48/W48*100,"-") -> 54.229454 | Z48: =IF(T48>0,W48/T48*100-100,"-") -> 51.056268 | AA48: =IF(U48>0,X48/U48*100-100,"-") -> -
A49: 702 USCITE PER CONTO TERZI | B49: 12135086 | C49: 0 | D49: =IF(B49>0,C49/B49*100,"-") -> 0 | E49: 7742581.4 | F49: 0 | G49: =IF(E49>0,F49/E49*100,"-") -> 0 | H49: 2367184.6 | I49: 0 | J49: =IF(H49>0,I49/H49*100,"-") -> 0 | K49: 2469556.1 | L49: 0 | M49: =IF(K49>0,L49/K49*100,"-") -> 0 | N49: 1719521.1 | O49: 0 | P49: =IF(N49>0,O49/N49*100,"-") -> 0 | Q49: 0 | R49: 0 | S49: =IF(Q49>0,R49/Q49*100,"-") -> - | T49: 8883000 | U49: 0 | V49: =IF(T49>0,U49/T49*100,"-") -> 0 | W49: 1925009.7 | X49: 1786288 | Y49: =IF(W49>0,X49/W49*100,"-") -> 92.793713 | Z49: =IF(T49>0,W49/T49*100-100,"-") -> -78.329284 | AA49: =IF(U49>0,X49/U49*100-100,"-") -> -
A50: 1 Spese correnti | B50: =SUM(B23:B32) -> 1.310473e+09 | C50: =SUM(C23:C32) -> 9.7756119e+08 | D50: =IF(B50>0,C50/B50*100,"-") -> 74.596059 | E50: =SUM(E23:E32) -> 8.8110968e+08 | F50: =SUM(F23:F32) -> 7.6770942e+08 | G50: =IF(E50>0,F50/E50*100,"-") -> 87.129836 | H50: =SUM(H23:H32) -> 8.5882277e+08 | I50: =SUM(I23:I32) -> 7.8996434e+08 | J50: =IF(H50>0,I50/H50*100,"-") -> 91.98223 | K50: =SUM(K23:K32) -> 8.806353e+08 | L50: =SUM(L23:L32) -> 6.9946888e+08 | M50: =IF(K50>0,L50/K50*100,"-") -> 79.427758 | N50: =SUM(N23:N32) -> 9.2792254e+08 | O50: =SUM(O23:O32) -> 8.1692444e+08 | P50: =IF(N50>0,O50/N50*100,"-") -> 88.037999 | Q50: =SUM(Q23:Q32) -> 9.0909195e+08 | R50: =SUM(R23:R32) -> 7.7108259e+08 | S50: =IF(Q50>0,R50/Q50*100,"-") -> 84.818988 | T50: =SUM(T23:T32) -> 9.7518745e+08 | U50: =SUM(U23:U32) -> 7.4018946e+08 | V50: =IF(T50>0,U50/T50*100,"-") -> 75.902275 | W50: =SUM(W23:W32) -> 9.8257682e+08 | X50: =SUM(X23:X32) -> 7.997204e+08 | Y50: =IF(W50>0,X50/W50*100,"-") -> 81.390114 | Z50: =IF(T50>0,W50/T50*100-100,"-") -> 0.75773816 | AA50: =IF(U50>0,X50/U50*100-100,"-") -> 8.0426624
A51: 2 Spese in conto capitale | B51: =SUM(B33:B37) -> 1.3467147e+08 | C51: 1.1483079e+08 | D51: =IF(B51>0,C51/B51*100,"-") -> 85.267348 | E51: =SUM(E33:E37) -> 1.7962546e+08 | F51: 1.3713477e+08 | G51: =IF(E51>0,F51/E51*100,"-") -> 76.344841 | H51: =SUM(H33:H37) -> 1.7866186e+08 | I51: 96232352 | J51: =IF(H51>0,I51/H51*100,"-") -> 53.862839 | K51: =SUM(K33:K37) -> 1.3974697e+08 | L51: 91870030 | M51: =IF(K51>0,L51/K51*100,"-") -> 65.740268 | N51: =SUM(N33:N37) -> 1.4375855e+08 | O51: 74177657 | P51: =IF(N51>0,O51/N51*100,"-") -> 51.598781 | Q51: =SUM(Q33:Q37) -> 1.6980951e+08 | R51: =SUM(R33:R37) -> 58703220 | S51: =IF(Q51>0,R51/Q51*100,"-") -> 34.570043 | T51: =SUM(T33:T37) -> 2.1334887e+08 | U51: =SUM(U33:U37) -> 49661822 | V51: =IF(T51>0,U51/T51*100,"-") -> 23.277284 | W51: =SUM(W33:W37) -> 1.713326e+08 | X51: =SUM(X33:X37) -> 34963796 | Y51: =IF(W51>0,X51/W51*100,"-") -> 20.406972 | Z51: =IF(T51>0,W51/T51*100-100,"-") -> -19.693694 | AA51: =IF(U51>0,X51/U51*100-100,"-") -> -29.596228
A52: 3 Spese per incremento attività finanziaria | B52: =SUM(B38:B41) -> 1637500 | C52: =SUM(C38:C41) -> 1637500 | D52: =IF(B52>0,C52/B52*100,"-") -> 100 | E52: =SUM(E38:E41) -> 5821799.2 | F52: =SUM(F38:F41) -> 5821799.2 | G52: =IF(E52>0,F52/E52*100,"-") -> 100 | H52: =SUM(H38:H41) -> 17348715 | I52: =SUM(I38:I41) -> 15711215 | J52: =IF(H52>0,I52/H52*100,"-") -> 90.56126 | K52: =SUM(K38:K41) -> 30958391 | L52: 29320891 | M52: =IF(K52>0,L52/K52*100,"-") -> 94.710642 | N52: =SUM(N38:N41) -> 12105035 | O52: =SUM(O38:O41) -> 12105035 | P52: =IF(N52>0,O52/N52*100,"-") -> 100 | Q52: =SUM(Q38:Q41) -> 17333563 | R52: =SUM(R38:R41) -> 17333563 | S52: =IF(Q52>0,R52/Q52*100,"-") -> 100 | T52: =SUM(T38:T41) -> 9556095.5 | U52: =SUM(U38:U41) -> 9391512.7 | V52: =IF(T52>0,U52/T52*100,"-") -> 98.277718 | W52: =SUM(W38:W41) -> 8606039.8 | X52: =SUM(X38:X41) -> 8606039.8 | Y52: =IF(W52>0,X52/W52*100,"-") -> 100 | Z52: =IF(T52>0,W52/T52*100-100,"-") -> -9.9418816 | AA52: =IF(U52>0,X52/U52*100-100,"-") -> -8.3636454
A53: 4 Rimborso prestiti | B53: =SUM(B42:B46) -> 17559820 | C53: =SUM(C42:C46) -> 17559820 | D53: =IF(B53>0,C53/B53*100,"-") -> 100 | E53: =SUM(E42:E46) -> 25012005 | F53: =SUM(F42:F46) -> 25012005 | G53: =IF(E53>0,F53/E53*100,"-") -> 100 | H53: =SUM(H42:H46) -> 24602564 | I53: =SUM(I42:I46) -> 24602564 | J53: =IF(H53>0,I53/H53*100,"-") -> 100 | K53: =SUM(K42:K46) -> 20216541 | L53: =SUM(L42:L46) -> 20216541 | M53: =IF(K53>0,L53/K53*100,"-") -> 100 | N53: =SUM(N42:N46) -> 20080060 | O53: =SUM(O42:O46) -> 20080060 | P53: =IF(N53>0,O53/N53*100,"-") -> 100 | Q53: 94759673 | R53: 94759673 | S53: =IF(Q53>0,R53/Q53*100,"-") -> 100 | T53: =SUM(T42:T46) -> 23479430 | U53: =SUM(U42:U46) -> 23479430 | V53: =IF(T53>0,U53/T53*100,"-") -> 100 | W53: =SUM(W42:W46) -> 23674739 | X53: =SUM(X42:X46) -> 23674739 | Y53: =IF(W53>0,X53/W53*100,"-") -> 100 | Z53: =IF(T53>0,W53/T53*100-100,"-") -> 0.83182927 | AA53: =IF(U53>0,X53/U53*100-100,"-") -> 0.83182927
A54: 5 Chiusura anticipazioni ricevute tesoriere/cassiere | B54: =B47 -> 0 | C54: =C47 -> 0 | D54: =IF(B54>0,C54/B54*100,"-") -> - | E54: =E47 -> 0 | F54: =F47 -> 0 | G54: =IF(E54>0,F54/E54*100,"-") -> - | H54: =H47 -> 0 | I54: =I47 -> 0 | J54: =IF(H54>0,I54/H54*100,"-") -> - | K54: =K47 -> 0 | L54: =L47 -> 0 | M54: =IF(K54>0,L54/K54*100,"-") -> - | N54: =N47 -> 0 | O54: =O47 -> 0 | P54: =IF(N54>0,O54/N54*100,"-") -> - | Q54: =Q47 -> 0 | R54: =R47 -> 0 | S54: =IF(Q54>0,R54/Q54*100,"-") -> - | T54: =T47 -> 0 | U54: =U47 -> 0 | V54: =IF(T54>0,U54/T54*100,"-") -> - | W54: =W47 -> 0 | X54: =X47 -> 0 | Y54: =IF(W54>0,X54/W54*100,"-") -> - | Z54: =IF(T54>0,W54/T54*100-100,"-") -> - | AA54: =IF(U54>0,X54/U54*100-100,"-") -> -
A55: 7 Conto terzi e partite di giro | B55: =SUM(B48:B49) -> 2.0302555e+08 | C55: 1.8707409e+08 | D55: =IF(B55>0,C55/B55*100,"-") -> 92.143129 | E55: =SUM(E48:E49) -> 1.1984478e+08 | F55: 62478915 | G55: =IF(E55>0,F55/E55*100,"-") -> 52.133199 | H55: =SUM(H48:H49) -> 1.576634e+08 | I55: 84315732 | J55: =IF(H55>0,I55/H55*100,"-") -> 53.478315 | K55: =SUM(K48:K49) -> 1.1803529e+08 | L55: 52571650 | M55: =IF(K55>0,L55/K55*100,"-") -> 44.538927 | N55: =SUM(N48:N49) -> 1.7124172e+08 | O55: 1.1234187e+08 | P55: =IF(N55>0,O55/N55*100,"-") -> 65.604267 | Q55: 1.1486941e+08 | R55: 58236088 | S55: =IF(Q55>0,R55/Q55*100,"-") -> 50.697648 | T55: =SUM(T48:T49) -> 1.2794324e+08 | U55: 66211459 | V55: =IF(T55>0,U55/T55*100,"-") -> 51.750651 | W55: =SUM(W48:W49) -> 1.8177296e+08 | X55: =SUM(X48:X49) -> 99316852 | Y55: =IF(W55>0,X55/W55*100,"-") -> 54.637857 | Z55: =IF(T55>0,W55/T55*100-100,"-") -> 42.07313 | AA55: =IF(U55>0,X55/U55*100-100,"-") -> 49.999491
A56: Totale Uscite | B56: =SUM(B50:B55) -> 1.6673673e+09 | C56: =SUM(C50:C55) -> 1.2986634e+09 | D56: =IF(B56>0,C56/B56*100,"-") -> 77.887061 | E56: =SUM(E50:E55) -> 1.2114137e+09 | F56: =SUM(F50:F55) -> 9.9815691e+08 | G56: =IF(E56>0,F56/E56*100,"-") -> 82.396038 | H56: =SUM(H50:H55) -> 1.2370993e+09 | I56: =SUM(I50:I55) -> 1.0108262e+09 | J56: =IF(H56>0,I56/H56*100,"-") -> 81.709381 | K56: =SUM(K50:K55) -> 1.1895925e+09 | L56: =SUM(L50:L55) -> 8.9344799e+08 | M56: =IF(K56>0,L56/K56*100,"-") -> 75.105383 | N56: =SUM(N50:N55) -> 1.2751079e+09 | O56: =SUM(O50:O55) -> 1.0356291e+09 | P56: =IF(N56>0,O56/N56*100,"-") -> 81.218935 | Q56: =SUM(Q50:Q55) -> 1.3058641e+09 | R56: =SUM(R50:R55) -> 1.0001151e+09 | S56: =IF(Q56>0,R56/Q56*100,"-") -> 76.586464 | T56: =SUM(T50:T55) -> 1.3495151e+09 | U56: =SUM(U50:U55) -> 8.8893368e+08 | V56: =IF(T56>0,U56/T56*100,"-") -> 65.8706 | W56: =SUM(W50:W55) -> 1.3679632e+09 | X56: =SUM(X50:X55) -> 9.6628182e+08 | Y56: =IF(W56>0,X56/W56*100,"-") -> 70.636538 | Z56: =IF(T56>0,W56/T56*100-100,"-") -> 1.3670148 | AA56: =IF(U56>0,X56/U56*100-100,"-") -> 8.7012274
A57: Uscite nette | B57: =B56-B55 -> 1.4643418e+09 | C57: =C56-C55 -> 1.1115893e+09 | D57: =IF(B57>0,C57/B57*100,"-") -> 75.91051 | E57: =E56-E55 -> 1.0915689e+09 | F57: =F56-F55 -> 9.3567799e+08 | G57: =IF(E57>0,F57/E57*100,"-") -> 85.718635 | H57: =H56-H55 -> 1.0794359e+09 | I57: =I56-I55 -> 9.2651047e+08 | J57: =IF(H57>0,I57/H57*100,"-") -> 85.832837 | K57: =K56-K55 -> 1.0715572e+09 | L57: =L56-L55 -> 8.4087634e+08 | M57: =IF(K57>0,L57/K57*100,"-") -> 78.472371 | N57: =N56-N55 -> 1.1038662e+09 | O57: =O56-O55 -> 9.2328719e+08 | P57: =IF(N57>0,O57/N57*100,"-") -> 83.641224 | Q57: =Q56-Q55 -> 1.1909947e+09 | R57: =R56-R55 -> 9.4187905e+08 | S57: =IF(Q57>0,R57/Q57*100,"-") -> 79.083396 | T57: =T56-T55 -> 1.2215718e+09 | U57: =U56-U55 -> 8.2272222e+08 | V57: =IF(T57>0,U57/T57*100,"-") -> 67.349475 | W57: =W56-W55 -> 1.1861902e+09 | X57: =X56-X55 -> 8.6696497e+08 | Y57: =IF(W57>0,X57/W57*100,"-") -> 73.088192 | Z57: =IF(T57>0,W57/T57*100-100,"-") -> -2.8964038 | AA57: =IF(U57>0,X57/U57*100-100,"-") -> 5.3776047
A58: Saldo entrate/uscite | B58: =B21-B57 -> -1.0206666e+08 | C58: =C21-C57 -> 80528710 | E58: =E21-E57 -> -40925728 | F58: =F21-F57 -> -87761798 | H58: =H21-H57 -> -4949788 | I58: =I21-I57 -> -1.0789208e+08 | K58: =K21-K57 -> -4993828.5 | L58: =L21-L57 -> -55869499 | N58: =N21-N57 -> -17822371 | O58: =O21-O57 -> -21003807 | Q58: =Q21-Q57 -> 29968654 | R58: =R21-R57 -> -6477919.4 | T58: =T21-T57 -> 28210565 | U58: =U21-U57 -> 37263566 | W58: =W21-W57 -> 54364148 | X58: =X21-X57 -> 40642019 | Z58: =IF(T58>0,W58/T58*100-100,"-") -> 92.708472 | AA58: =IF(U58>0,X58/U58*100-100,"-") -> 9.0663708
A59: Saldo corrente | B59: =B14-B50 -> -2.6246346e+08 | C59: =C14-C50 -> -98516323 | E59: =E14-E50 -> 31385398 | F59: =F14-F50 -> -2601284.5 | H59: =H14-H50 -> 53644793 | I59: =I14-I50 -> -26029622 | K59: =K14-K50 -> 49739424 | L59: =L14-L50 -> -4668409.8 | N59: =N14-N50 -> 39234174 | O59: =O14-O50 -> 14317137 | Q59: =Q14-Q50 -> 56018716 | R59: =R14-R50 -> 38994908 | T59: =T14-T50 -> 64020395 | U59: =U14-U50 -> 64257945 | W59: =W14-W50 -> 95267588 | X59: =X14-X50 -> 79278616 | Z59: =IF(T59>0,W59/T59*100-100,"-") -> 48.808185 | AA59: =IF(U59>0,X59/U59*100-100,"-") -> 23.375585
A60: Saldo in conto capitale | B60: =B15-B51 -> -74751879 | C60: =C15-C51 -> -56103647 | E60: =E15-E51 -> -43694463 | F60: =F15-F51 -> -56425099 | H60: =H15-H51 -> -32354517 | I60: =I15-I51 -> -53729929 | K60: =K15-K51 -> -31132808 | L60: =L15-L51 -> -28335037 | N60: =N15-N51 -> -37975744 | O60: =O15-O51 -> -15532001 | Q60: =Q15-Q51 -> -5000712 | R60: =R15-R51 -> -23381772 | T60: =T15-T51 -> -12330401 | U60: =U15-U51 -> 2918268.4 | W60: =W15-W51 -> -17228702 | X60: =X15-X51 -> -12758018 | Z60: =IF(T60>0,W60/T60*100-100,"-") -> - | AA60: =IF(U60>0,X60/U60*100-100,"-") -> -537.17768

Sheet Tav_Entrate
B1: 2016 | C1: 2017 | D1: 2018 | E1: 2019 | F1: 2020 | G1: 2021 | H1: 2022 | I1: 2023 | J1: Comp.% netta | K1: Var. % | L1: Riscossioni 2023 | M1: % Risc.
A2: 100 Entrate correnti di natura tributaria, contributiva e perequativa | B2: =Entrate_Uscite!B3 -> 7.1737422e+08 | C2: =Entrate_Uscite!E3 -> 7.0151647e+08 | D2: =Entrate_Uscite!H3 -> 7.0318082e+08 | E2: =Entrate_Uscite!K3 -> 7.3690311e+08 | F2: =Entrate_Uscite!N3 -> 7.1996259e+08 | G2: =Entrate_Uscite!Q3 -> 7.507473e+08 | H2: =Entrate_Uscite!T3 -> 7.8217093e+08 | I2: =Entrate_Uscite!W3 -> 7.8315269e+08 | J2: =I2/I$21*100 -> 63.129253 | K2: =IF(H2>0,I2/H2*100-100,"-") -> 0.12551776 | L2: =Entrate_Uscite!X3 -> 6.1940091e+08 | M2: =IF(I2>0,L2/I2*100,"-") -> 79.090696
A3: 200 Trasferimenti correnti | B3: =Entrate_Uscite!B4 -> 3.1885034e+08 | C3: =Entrate_Uscite!E4 -> 2.048878e+08 | D3: =Entrate_Uscite!H4 -> 1.9124961e+08 | E3: =Entrate_Uscite!K4 -> 1.8260006e+08 | F3: =Entrate_Uscite!N4 -> 2.4225357e+08 | G3: =Entrate_Uscite!Q4 -> 2.013275e+08 | H3: =Entrate_Uscite!T4 -> 2.4996986e+08 | I3: =Entrate_Uscite!W4 -> 2.8580497e+08 | J3: =I3/I$21*100 -> 23.038488 | K3: =IF(H3>0,I3/H3*100-100,"-") -> 14.33577 | L3: =Entrate_Uscite!X4 -> 2.5087641e+08 | M3: =IF(I3>0,L3/I3*100,"-") -> 87.778883
A4: 300 Entrate extratributarie | B4: =Entrate_Uscite!B5 -> 11784935 | C4: =Entrate_Uscite!E5 -> 6090810 | D4: =Entrate_Uscite!H5 -> 18037129 | E4: =Entrate_Uscite!K5 -> 10871562 | F4: =Entrate_Uscite!N5 -> 4940550.8 | G4: =Entrate_Uscite!Q5 -> 13035862 | H4: =Entrate_Uscite!T5 -> 7067058.2 | I4: =Entrate_Uscite!W5 -> 8886751.1 | J4: =I4/I$21*100 -> 0.71635323 | K4: =IF(H4>0,I4/H4*100-100,"-") -> 25.748946 | L4: =Entrate_Uscite!X5 -> 8721694.6 | M4: =IF(I4>0,L4/I4*100,"-") -> 98.142667
A5: - Entrate correnti | B5: =SUM(B2:B4) -> 1.0480095e+09 | C5: =SUM(C2:C4) -> 9.1249508e+08 | D5: =SUM(D2:D4) -> 9.1246756e+08 | E5: =SUM(E2:E4) -> 9.3037473e+08 | F5: =SUM(F2:F4) -> 9.6715672e+08 | G5: =SUM(G2:G4) -> 9.6511067e+08 | H5: =SUM(H2:H4) -> 1.0392078e+09 | I5: =SUM(I2:I4) -> 1.0778444e+09 | J5: =I5/I$21*100 -> 86.884094 | K5: =IF(H5>0,I5/H5*100-100,"-") -> 3.7178858 | L5: =SUM(L2:L4) -> 8.7899901e+08 | M5: =IF(I5>0,L5/I5*100,"-") -> 81.551568
A6: 401 Tributi in conto capitale | B6: =Entrate_Uscite!B6 -> 0 | C6: =Entrate_Uscite!E6 -> 102700.33 | D6: =Entrate_Uscite!H6 -> 142223.59 | E6: =Entrate_Uscite!K6 -> 152602.48 | F6: =Entrate_Uscite!N6 -> 105049.01 | G6: =Entrate_Uscite!Q6 -> 113594.55 | H6: =Entrate_Uscite!T6 -> 230221.09 | I6: =Entrate_Uscite!W6 -> 139636.19 | J6: =I6/I$21*100 -> 0.011255951 | K6: =IF(H6>0,I6/H6*100-100,"-") -> -39.346916 | L6: =Entrate_Uscite!X6 -> 116092.68 | M6: =IF(I6>0,L6/I6*100,"-") -> 83.139392
A7: 402 Contributi agli investimenti | B7: =Entrate_Uscite!B7 -> 59498858 | C7: =Entrate_Uscite!E7 -> 1.3524434e+08 | D7: =Entrate_Uscite!H7 -> 1.4499943e+08 | E7: =Entrate_Uscite!K7 -> 1.0809556e+08 | F7: =Entrate_Uscite!N7 -> 95449092 | G7: =Entrate_Uscite!Q7 -> 1.5821295e+08 | H7: =Entrate_Uscite!T7 -> 1.4689231e+08 | I7: =Entrate_Uscite!W7 -> 1.4123685e+08 | J7: =I7/I$21*100 -> 11.384979 | K7: =IF(H7>0,I7/H7*100-100,"-") -> -3.850069 | L7: =Entrate_Uscite!X7 -> 20150574 | M7: =IF(I7>0,L7/I7*100,"-") -> 14.267221
A8: 403 Altri trasferimenti in conto capitale | B8: =Entrate_Uscite!B8 -> 383609.36 | C8: =Entrate_Uscite!E8 -> 303400 | D8: =Entrate_Uscite!H8 -> 608652.23 | E8: =Entrate_Uscite!K8 -> 0 | F8: =Entrate_Uscite!N8 -> 398069.11 | G8: =Entrate_Uscite!Q8 -> 2175818.2 | H8: =Entrate_Uscite!T8 -> 52151083 | I8: =Entrate_Uscite!W8 -> 10798940 | J8: =I8/I$21*100 -> 0.87049309 | K8: =IF(H8>0,I8/H8*100-100,"-") -> -79.292971 | L8: =Entrate_Uscite!X8 -> 42124.19 | M8: =IF(I8>0,L8/I8*100,"-") -> 0.39007709
A9: 404 Entrate da alienazione di beni materiali e immateriali | B9: =Entrate_Uscite!B9 -> 37122.48 | C9: =Entrate_Uscite!E9 -> 20360.4 | D9: =Entrate_Uscite!H9 -> 79354.7 | E9: =Entrate_Uscite!K9 -> 0 | F9: =Entrate_Uscite!N9 -> 124330 | G9: =Entrate_Uscite!Q9 -> 1043110.8 | H9: =Entrate_Uscite!T9 -> 28930.26 | I9: =Entrate_Uscite!W9 -> 9655.14 | J9: =I9/I$21*100 -> 0.00077829239 | K9: =IF(H9>0,I9/H9*100-100,"-") -> -66.626155 | L9: =Entrate_Uscite!X9 -> 9655.14 | M9: =IF(I9>0,L9/I9*100,"-") -> 100
A10: 405 Altre entrate in conto capitale | B10: =Entrate_Uscite!B10 -> 0 | C10: =Entrate_Uscite!E10 -> 260195.92 | D10: =Entrate_Uscite!H10 -> 477683.48 | E10: =Entrate_Uscite!K10 -> 365994.17 | F10: =Entrate_Uscite!N10 -> 9706262.7 | G10: =Entrate_Uscite!Q10 -> 3263326.6 | H10: =Entrate_Uscite!T10 -> 1715926.6 | I10: =Entrate_Uscite!W10 -> 1918810.8 | J10: =I10/I$21*100 -> 0.15467366 | K10: =IF(H10>0,I10/H10*100-100,"-") -> 11.823593 | L10: =Entrate_Uscite!X10 -> 1887332.3 | M10: =IF(I10>0,L10/I10*100,"-") -> 98.359482
A11: - Entrate in conto capitale | B11: =SUM(B6:B10) -> 59919590 | C11: =SUM(C6:C10) -> 1.3593099e+08 | D11: =SUM(D6:D10) -> 1.4630735e+08 | E11: =SUM(E6:E10) -> 1.0861416e+08 | F11: =SUM(F6:F10) -> 1.057828e+08 | G11: =SUM(G6:G10) -> 1.648088e+08 | H11: =SUM(H6:H10) -> 2.0101847e+08 | I11: =SUM(I6:I10) -> 1.541039e+08 | J11: =I11/I$21*100 -> 12.42218 | K11: =IF(H11>0,I11/H11*100-100,"-") -> -23.33844 | L11: =SUM(L6:L10) -> 22205778 | M11: =IF(I11>0,L11/I11*100,"-") -> 14.409615
A12: 501 Alienazione di attività finanziarie | B12: =Entrate_Uscite!B11 -> 0 | C12: =Entrate_Uscite!E11 -> 0 | D12: =Entrate_Uscite!H11 -> 0 | E12: =Entrate_Uscite!K11 -> 0 | F12: =Entrate_Uscite!N11 -> 0 | G12: =Entrate_Uscite!Q11 -> 0 | H12: =Entrate_Uscite!T11 -> 0 | I12: =Entrate_Uscite!W11 -> 0 | J12: =I12/I$21*100 -> 0 | K12: =IF(H12>0,I12/H12*100-100,"-") -> - | L12: =Entrate_Uscite!X11 -> 0 | M12: =IF(I12>0,L12/I12*100,"-") -> -
A13: 502_3 Riscossione di crediti | B13: =Entrate_Uscite!B12 -> 0 | C13: =Entrate_Uscite!E12 -> 0 | D13: =Entrate_Uscite!H12 -> 0 | E13: =Entrate_Uscite!K12 -> 0 | F13: =Entrate_Uscite!N12 -> 0 | G13: =Entrate_Uscite!Q12 -> 0 | H13: =Entrate_Uscite!T12 -> 0 | I13: =Entrate_Uscite!W12 -> 0 | J13: =I13/I$21*100 -> 0 | K13: =IF(H13>0,I13/H13*100-100,"-") -> - | L13: =Entrate_Uscite!X12 -> 0 | M13: =IF(I13>0,L13/I13*100,"-") -> -
A14: 504 Altre entrate per riduzione di attività finanziarie | B14: =Entrate_Uscite!B13 -> 0 | C14: =Entrate_Uscite!E13 -> 2217141 | D14: =Entrate_Uscite!H13 -> 15711215 | E14: =Entrate_Uscite!K13 -> 27373141 | F14: =Entrate_Uscite!N13 -> 12105035 | G14: =Entrate_Uscite!Q13 -> 17333563 | H14: =Entrate_Uscite!T13 -> 9556095.5 | I14: =Entrate_Uscite!W13 -> 8606039.8 | J14: =I14/I$21*100 -> 0.69372534 | K14: =IF(H14>0,I14/H14*100-100,"-") -> -9.9418816 | L14: =Entrate_Uscite!X13 -> 6402199.2 | M14: =IF(I14>0,L14/I14*100,"-") -> 74.391931
A15: - Entrate da riduzione attività finanziarie | B15: =SUM(B12:B14) -> 0 | C15: =SUM(C12:C14) -> 2217141 | D15: =SUM(D12:D14) -> 15711215 | E15: =SUM(E12:E14) -> 27373141 | F15: =SUM(F12:F14) -> 12105035 | G15: =SUM(G12:G14) -> 17333563 | H15: =SUM(H12:H14) -> 9556095.5 | I15: =SUM(I12:I14) -> 8606039.8 | J15: =I15/I$21*100 -> 0.69372534 | K15: =IF(H15>0,I15/H15*100-100,"-") -> -9.9418816 | L15: =SUM(L12:L14) -> 6402199.2 | M15: =IF(I15>0,L15/I15*100,"-") -> 74.391931
A16: Entrate finali | B16: =B5+B11+B15 -> 1.1079291e+09 | C16: =C5+C11+C15 -> 1.0506432e+09 | D16: =D5+D11+D15 -> 1.0744861e+09 | E16: =E5+E11+E15 -> 1.066362e+09 | F16: =F5+F11+F15 -> 1.0850446e+09 | G16: =G5+G11+G15 -> 1.147253e+09 | H16: =H5+H11+H15 -> 1.2497824e+09 | I16: =I5+I11+I15 -> 1.2405543e+09 | J16: =I16/I$21*100 -> 100 | K16: =IF(H16>0,I16/H16*100-100,"-") -> -0.7383741 | L16: =L5+L11+L15 -> 9.0760699e+08 | M16: =IF(I16>0,L16/I16*100,"-") -> 73.161405
A17: - Accensione di prestiti | B17: =Entrate_Uscite!B17 -> 254346000 | C17: =Entrate_Uscite!E17 -> 0 | D17: =Entrate_Uscite!H17 -> 0 | E17: =Entrate_Uscite!K17 -> 201345.96 | F17: =Entrate_Uscite!N17 -> 999258.91 | G17: =Entrate_Uscite!Q17 -> 73710323 | H17: =Entrate_Uscite!T17 -> 0 | I17: =Entrate_Uscite!W17 -> 0 | J17: =I17/I$21*100 -> 0 | K17: =IF(H17>0,I17/H17*100-100,"-") -> - | L17: =Entrate_Uscite!X17 -> 0 | M17: =IF(I17>0,L17/I17*100,"-") -> -
A18: - Anticipazioni da istituto tesoriere/cassiere | B18: =Entrate_Uscite!B18 -> 0 | C18: =Entrate_Uscite!E18 -> 0 | D18: =Entrate_Uscite!H18 -> 0 | E18: =Entrate_Uscite!K18 -> 0 | F18: =Entrate_Uscite!N18 -> 0 | G18: =Entrate_Uscite!Q18 -> 0 | H18: =Entrate_Uscite!T18 -> 0 | I18: =Entrate_Uscite!W18 -> 0 | J18: =I18/I$21*100 -> 0 | K18: =IF(H18>0,I18/H18*100-100,"-") -> - | L18: =Entrate_Uscite!X18 -> 0 | M18: =IF(I18>0,L18/I18*100,"-") -> -
A19: - Entrate per conto terzi e partite di giro | B19: =Entrate_Uscite!B19 -> 2.0302555e+08 | C19: =Entrate_Uscite!E19 -> 1.1984478e+08 | D19: =Entrate_Uscite!H19 -> 1.576634e+08 | E19: =Entrate_Uscite!K19 -> 1.1803529e+08 | F19: =Entrate_Uscite!N19 -> 1.7124172e+08 | G19: =Entrate_Uscite!Q19 -> 1.1486941e+08 | H19: =Entrate_Uscite!T19 -> 1.2794324e+08 | I19: =Entrate_Uscite!W19 -> 1.8177296e+08 | K19: =IF(H19>0,I19/H19*100-100,"-") -> 42.07313 | L19: =Entrate_Uscite!X19 -> 1.8125807e+08 | M19: =IF(I19>0,L19/I19*100,"-") -> 99.71674
A20: Totale Entrate | B20: =B5+B11+B15+B17+B18+B19 -> 1.5653006e+09 | C20: =C5+C11+C15+C17+C18+C19 -> 1.170488e+09 | D20: =D5+D11+D15+D17+D18+D19 -> 1.2321495e+09 | E20: =E5+E11+E15+E17+E18+E19 -> 1.1845987e+09 | F20: =F5+F11+F15+F17+F18+F19 -> 1.2572855e+09 | G20: =G5+G11+G15+G17+G18+G19 -> 1.3358328e+09 | H20: =H5+H11+H15+H17+H18+H19 -> 1.3777257e+09 | I20: =I5+I11+I15+I17+I18+I19 -> 1.4223273e+09 | K20: =IF(H20>0,I20/H20*100-100,"-") -> 3.2373394 | L20: =L5+L11+L15+L17+L18+L19 -> 1.0888651e+09 | M20: =IF(I20>0,L20/I20*100,"-") -> 76.555168
A21: Entrate nette | B21: =B20-B19 -> 1.3622751e+09 | C21: =C20-C19 -> 1.0506432e+09 | D21: =D20-D19 -> 1.0744861e+09 | E21: =E20-E19 -> 1.0665634e+09 | F21: =F20-F19 -> 1.0860438e+09 | G21: =G20-G19 -> 1.2209634e+09 | H21: =H20-H19 -> 1.2497824e+09 | I21: =I20-I19 -> 1.2405543e+09 | J21: =I21/I$21*100 -> 100 | K21: =IF(H21>0,I21/H21*100-100,"-") -> -0.7383741 | L21: =L20-L19 -> 9.0760699e+08 | M21: =IF(I21>0,L21/I21*100,"-") -> 73.161405

Sheet Tav_Uscite
B1: 2016 | C1: 2017 | D1: 2018 | E1: 2019 | F1: 2020 | G1: 2021 | H1: 2022 | I1: 2023 | J1: Comp.% netta | K1: Var. % | L1: Pagamenti 2023 | M1: % Pag.
A2: 101 Redditi da lavoro dipendente | B2: =Entrate_Uscite!B23 -> 37698418 | C2: =Entrate_Uscite!E23 -> 34451236 | D2: =Entrate_Uscite!H23 -> 32501170 | E2: =Entrate_Uscite!K23 -> 33655615 | F2: =Entrate_Uscite!N23 -> 31024702 | G2: =Entrate_Uscite!Q23 -> 28483977 | H2: =Entrate_Uscite!T23 -> 26595503 | I2: =Entrate_Uscite!W23 -> 22378197 | J2: =I2/I$31*100 -> 1.8865606 | K2: =IF(H2>0,I2/H2*100-100,"-") -> -15.857216 | L2: =Entrate_Uscite!X23 -> 21726837 | M2: =IF(I2>0,L2/I2*100,"-") -> 97.089311
A3: 102 Imposte e tasse a carico dell'ente | B3: =Entrate_Uscite!B24 -> 1046665.8 | C3: =Entrate_Uscite!E24 -> 1124039.4 | D3: =Entrate_Uscite!H24 -> 2975787.9 | E3: =Entrate_Uscite!K24 -> 2848263.8 | F3: =Entrate_Uscite!N24 -> 2835183 | G3: =Entrate_Uscite!Q24 -> 2299687.8 | H3: =Entrate_Uscite!T24 -> 2205436.2 | I3: =Entrate_Uscite!W24 -> 2038180.3 | J3: =I3/I$31*100 -> 0.17182576 | K3: =IF(H3>0,I3/H3*100-100,"-") -> -7.5838005 | L3: =Entrate_Uscite!X24 -> 1964640.3 | M3: =IF(I3>0,L3/I3*100,"-") -> 96.391881
A4: 103 Acquisto di beni e servizi | B4: =Entrate_Uscite!B25 -> 3.9324143e+08 | C4: =Entrate_Uscite!E25 -> 1.657952e+08 | D4: =Entrate_Uscite!H25 -> 1.7935224e+08 | E4: =Entrate_Uscite!K25 -> 1.7400669e+08 | F4: =Entrate_Uscite!N25 -> 1.7813224e+08 | G4: =Entrate_Uscite!Q25 -> 1.5921862e+08 | H4: =Entrate_Uscite!T25 -> 1.8643119e+08 | I4: =Entrate_Uscite!W25 -> 2.076663e+08 | J4: =I4/I$31*100 -> 17.506998 | K4: =IF(H4>0,I4/H4*100-100,"-") -> 11.390321 | L4: =Entrate_Uscite!X25 -> 1.5557908e+08 | M4: =IF(I4>0,L4/I4*100,"-") -> 74.917829
A5: 104 Trasferimenti correnti | B5: =Entrate_Uscite!B26 -> 8.5902319e+08 | C5: =Entrate_Uscite!E26 -> 6.4472039e+08 | D5: =Entrate_Uscite!H26 -> 6.16377e+08 | E5: =Entrate_Uscite!K26 -> 6.417937e+08 | F5: =Entrate_Uscite!N26 -> 6.8457896e+08 | G5: =Entrate_Uscite!Q26 -> 6.8681296e+08 | H5: =Entrate_Uscite!T26 -> 7.2648231e+08 | I5: =Entrate_Uscite!W26 -> 7.0970106e+08 | J5: =I5/I$31*100 -> 59.830292 | K5: =IF(H5>0,I5/H5*100-100,"-") -> -2.3099321 | L5: =Entrate_Uscite!X26 -> 5.9024475e+08 | M5: =IF(I5>0,L5/I5*100,"-") -> 83.168081
A6: 107 Interessi passivi | B6: =Entrate_Uscite!B29 -> 16280128 | C6: =Entrate_Uscite!E29 -> 15091460 | D6: =Entrate_Uscite!H29 -> 16088120 | E6: =Entrate_Uscite!K29 -> 11636669 | F6: =Entrate_Uscite!N29 -> 14482562 | G6: =Entrate_Uscite!Q29 -> 13274705 | H6: =Entrate_Uscite!T29 -> 11903778 | I6: =Entrate_Uscite!W29 -> 13892698 | J6: =I6/I$31*100 -> 1.1712033 | K6: =IF(H6>0,I6/H6*100-100,"-") -> 16.708309 | L6: =Entrate_Uscite!X29 -> 13553633 | M6: =IF(I6>0,L6/I6*100,"-") -> 97.559396
A7: 108 Altre spese per redditi da capitale | B7: =Entrate_Uscite!B30 -> 0 | C7: =Entrate_Uscite!E30 -> 0 | D7: =Entrate_Uscite!H30 -> 0 | E7: =Entrate_Uscite!K30 -> 0 | F7: =Entrate_Uscite!N30 -> 0 | G7: =Entrate_Uscite!Q30 -> 0 | H7: =Entrate_Uscite!T30 -> 0 | I7: =Entrate_Uscite!W30 -> 0 | J7: =I7/I$31*100 -> 0 | K7: =IF(H7>0,I7/H7*100-100,"-") -> - | L7: =Entrate_Uscite!X30 -> 0 | M7: =IF(I7>0,L7/I7*100,"-") -> -
A8: 109 Rimborsi e poste correttive delle entrate | B8: =Entrate_Uscite!B31 -> 567159.06 | C8: =Entrate_Uscite!E31 -> 254584.82 | D8: =Entrate_Uscite!H31 -> 266896.41 | E8: =Entrate_Uscite!K31 -> 266413.04 | F8: =Entrate_Uscite!N31 -> 138014.01 | G8: =Entrate_Uscite!Q31 -> 45007.24 | H8: =Entrate_Uscite!T31 -> 61132.14 | I8: =Entrate_Uscite!W31 -> 84674.59 | J8: =I8/I$31*100 -> 0.0071383654 | K8: =IF(H8>0,I8/H8*100-100,"-") -> 38.510757 | L8: =Entrate_Uscite!X31 -> 77493.62 | M8: =IF(I8>0,L8/I8*100,"-") -> 91.519333
A9: 110 Altre spese correnti | B9: =Entrate_Uscite!B32 -> 2615971.2 | C9: =Entrate_Uscite!E32 -> 19672776 | D9: =Entrate_Uscite!H32 -> 11261556 | E9: =Entrate_Uscite!K32 -> 16427949 | F9: =Entrate_Uscite!N32 -> 16730881 | G9: =Entrate_Uscite!Q32 -> 18956990 | H9: =Entrate_Uscite!T32 -> 21508109 | I9: =Entrate_Uscite!W32 -> 26815712 | J9: =I9/I$31*100 -> 2.2606587 | K9: =IF(H9>0,I9/H9*100-100,"-") -> 24.677221 | L9: =Entrate_Uscite!X32 -> 16573957 | M9: =IF(I9>0,L9/I9*100,"-") -> 61.806886
A10: - Spese correnti | B10: =SUM(B2:B9) -> 1.310473e+09 | C10: =SUM(C2:C9) -> 8.8110968e+08 | D10: =SUM(D2:D9) -> 8.5882277e+08 | E10: =SUM(E2:E9) -> 8.806353e+08 | F10: =SUM(F2:F9) -> 9.2792254e+08 | G10: =SUM(G2:G9) -> 9.0909195e+08 | H10: =SUM(H2:H9) -> 9.7518745e+08 | I10: =SUM(I2:I9) -> 9.8257682e+08 | J10: =I10/I$31*100 -> 82.834677 | K10: =IF(H10>0,I10/H10*100-100,"-") -> 0.75773816 | L10: =SUM(L2:L9) -> 7.997204e+08 | M10: =IF(I10>0,L10/I10*100,"-") -> 81.390114
A11: 202 Investimenti fissi lordi e acquisto di terreni | B11: =Entrate_Uscite!B34 -> 1673391.1 | C11: =Entrate_Uscite!E34 -> 271221.66 | D11: =Entrate_Uscite!H34 -> 757438.59 | E11: =Entrate_Uscite!K34 -> 4669944 | F11: =Entrate_Uscite!N34 -> 1642041.1 | G11: =Entrate_Uscite!Q34 -> 15597712 | H11: =Entrate_Uscite!T34 -> 3723802.1 | I11: =Entrate_Uscite!W34 -> 21605169 | J11: =I11/I$31*100 -> 1.8213916 | K11: =IF(H11>0,I11/H11*100-100,"-") -> 480.19112 | L11: =Entrate_Uscite!X34 -> 5851907.7 | M11: =IF(I11>0,L11/I11*100,"-") -> 27.085684
A12: 203 Contributi agli investimenti | B12: =Entrate_Uscite!B35 -> 1.2804531e+08 | C12: =Entrate_Uscite!E35 -> 1.7766518e+08 | D12: =Entrate_Uscite!H35 -> 1.7119365e+08 | E12: =Entrate_Uscite!K35 -> 1.3501492e+08 | F12: =Entrate_Uscite!N35 -> 1.3835742e+08 | G12: =Entrate_Uscite!Q35 -> 1.451829e+08 | H12: =Entrate_Uscite!T35 -> 2.0854249e+08 | I12: =Entrate_Uscite!W35 -> 1.4642852e+08 | J12: =I12/I$31*100 -> 12.344438 | K12: =IF(H12>0,I12/H12*100-100,"-") -> -29.784805 | L12: =Entrate_Uscite!X35 -> 28360405 | M12: =IF(I12>0,L12/I12*100,"-") -> 19.368089
A13: 204 Altri trasferimenti in conto capitale | B13: =Entrate_Uscite!B36 -> 77844.02 | C13: =Entrate_Uscite!E36 -> 87961.88 | D13: =Entrate_Uscite!H36 -> 1540562.9 | E13: =Entrate_Uscite!K36 -> 58102.06 | F13: =Entrate_Uscite!N36 -> 2818383.1 | G13: =Entrate_Uscite!Q36 -> 5325713.8 | H13: =Entrate_Uscite!T36 -> 630211.3 | I13: =Entrate_Uscite!W36 -> 2267215.6 | J13: =I13/I$31*100 -> 0.19113424 | K13: =IF(H13>0,I13/H13*100-100,"-") -> 259.75483 | L13: =Entrate_Uscite!X36 -> 701148.64 | M13: =IF(I13>0,L13/I13*100,"-") -> 30.925539
A14: 205 Altre spese in conto capitale | B14: =Entrate_Uscite!B37 -> 4874921 | C14: =Entrate_Uscite!E37 -> 1601096.6 | D14: =Entrate_Uscite!H37 -> 5170214 | E14: =Entrate_Uscite!K37 -> 3999.16 | F14: =Entrate_Uscite!N37 -> 940699.46 | G14: =Entrate_Uscite!Q37 -> 3703188.7 | H14: =Entrate_Uscite!T37 -> 452370.45 | I14: =Entrate_Uscite!W37 -> 1031698.7 | J14: =I14/I$31*100 -> 0.086975821 | K14: =IF(H14>0,I14/H14*100-100,"-") -> 128.065 | L14: =Entrate_Uscite!X37 -> 50334.79 | M14: =IF(I14>0,L14/I14*100,"-") -> 4.8788267
A15: - Spese in conto capitale | B15: =SUM(B11:B14) -> 1.3467147e+08 | C15: =SUM(C11:C14) -> 1.7962546e+08 | D15: =SUM(D11:D14) -> 1.7866186e+08 | E15: =SUM(E11:E14) -> 1.3974697e+08 | F15: =SUM(F11:F14) -> 1.4375855e+08 | G15: =SUM(G11:G14) -> 1.6980951e+08 | H15: =SUM(H11:H14) -> 2.1334887e+08 | I15: =SUM(I11:I14) -> 1.713326e+08 | J15: =I15/I$31*100 -> 14.44394 | K15: =IF(H15>0,I15/H15*100-100,"-") -> -19.693694 | L15: =SUM(L11:L14) -> 34963796 | M15: =IF(I15>0,L15/I15*100,"-") -> 20.406972
A16: 301 Acquisizioni di attività finanziarie | B16: =Entrate_Uscite!B38 -> 0 | C16: =Entrate_Uscite!E38 -> 1967158.2 | D16: =Entrate_Uscite!H38 -> 0 | E16: =Entrate_Uscite!K38 -> 1947750 | F16: =Entrate_Uscite!N38 -> 0 | G16: =Entrate_Uscite!Q38 -> 0 | H16: =Entrate_Uscite!T38 -> 0 | I16: =Entrate_Uscite!W38 -> 0 | J16: =I16/I$31*100 -> 0 | K16: =IF(H16>0,I16/H16*100-100,"-") -> - | L16: =Entrate_Uscite!X38 -> 0 | M16: =IF(I16>0,L16/I16*100,"-") -> -
A17: 302 Concessione crediti di breve termine | B17: =Entrate_Uscite!B39 -> 0 | C17: =Entrate_Uscite!E39 -> 0 | D17: =Entrate_Uscite!H39 -> 0 | E17: =Entrate_Uscite!K39 -> 0 | F17: =Entrate_Uscite!N39 -> 0 | G17: =Entrate_Uscite!Q39 -> 0 | H17: =Entrate_Uscite!T39 -> 0 | I17: =Entrate_Uscite!W39 -> 0 | J17: =I17/I$31*100 -> 0 | K17: =IF(H17>0,I17/H17*100-100,"-") -> - | L17: =Entrate_Uscite!X39 -> 0 | M17: =IF(I17>0,L17/I17*100,"-") -> -
A18: 303 Concessione crediti di medio-lungo termine | B18: =Entrate_Uscite!B40 -> 0 | C18: =Entrate_Uscite!E40 -> 0 | D18: =Entrate_Uscite!H40 -> 0 | E18: =Entrate_Uscite!K40 -> 0 | F18: =Entrate_Uscite!N40 -> 0 | G18: =Entrate_Uscite!Q40 -> 0 | H18: =Entrate_Uscite!T40 -> 0 | I18: =Entrate_Uscite!W40 -> 0 | J18: =I18/I$31*100 -> 0 | K18: =IF(H18>0,I18/H18*100-100,"-") -> - | L18: =Entrate_Uscite!X40 -> 0 | M18: =IF(I18>0,L18/I18*100,"-") -> -
A19: 304 Altre spese per incremento di attività finanziarie | B19: =Entrate_Uscite!B41 -> 1637500 | C19: =Entrate_Uscite!E41 -> 3854641 | D19: =Entrate_Uscite!H41 -> 17348715 | E19: =Entrate_Uscite!K41 -> 29010641 | F19: =Entrate_Uscite!N41 -> 12105035 | G19: =Entrate_Uscite!Q41 -> 17333563 | H19: =Entrate_Uscite!T41 -> 9556095.5 | I19: =Entrate_Uscite!W41 -> 8606039.8 | J19: =I19/I$31*100 -> 0.72551939 | K19: =IF(H19>0,I19/H19*100-100,"-") -> -9.9418816 | L19: =Entrate_Uscite!X41 -> 8606039.8 | M19: =IF(I19>0,L19/I19*100,"-") -> 100
A20: - Spese per incremento attività finanziarie | B20: =SUM(B16:B19) -> 1637500 | C20: =SUM(C16:C19) -> 5821799.2 | D20: =SUM(D16:D19) -> 17348715 | E20: =SUM(E16:E19) -> 30958391 | F20: =SUM(F16:F19) -> 12105035 | G20: =SUM(G16:G19) -> 17333563 | H20: =SUM(H16:H19) -> 9556095.5 | I20: =SUM(I16:I19) -> 8606039.8 | J20: =I20/I$31*100 -> 0.72551939 | K20: =IF(H20>0,I20/H20*100-100,"-") -> -9.9418816 | L20: =SUM(L16:L19) -> 8606039.8 | M20: =IF(I20>0,L20/I20*100,"-") -> 100
A21: Uscite finali | B21: =B10+B15+B20 -> 1.4467819e+09 | C21: =C10+C15+C20 -> 1.0665569e+09 | D21: =D10+D15+D20 -> 1.0548333e+09 | E21: =E10+E15+E20 -> 1.0513407e+09 | F21: =F10+F15+F20 -> 1.0837861e+09 | G21: =G10+G15+G20 -> 1.096235e+09 | H21: =H10+H15+H20 -> 1.1980924e+09 | I21: =I10+I15+I20 -> 1.1625155e+09 | J21: =I21/I$31*100 -> 98.004136 | K21: =IF(H21>0,I21/H21*100-100,"-") -> -2.9694672 | L21: =L10+L15+L20 -> 8.4329023e+08 | M21: =IF(I21>0,L21/I21*100,"-") -> 72.540131
A22: 401 Rimborso di titoli obbligazionari | B22: =Entrate_Uscite!B42 -> 8888190.9 | C22: =Entrate_Uscite!E42 -> 8944318.3 | D22: =Entrate_Uscite!H42 -> 9001782.6 | E22: =Entrate_Uscite!K42 -> 9110384.9 | F22: =Entrate_Uscite!N42 -> 9120722.8 | G22: =Entrate_Uscite!Q42 -> 0 | H22: =Entrate_Uscite!T42 -> 9309773.6 | I22: =Entrate_Uscite!W42 -> 9309773.6 | J22: =I22/I$31*100 -> 0.78484662 | K22: =IF(H22>0,I22/H22*100-100,"-") -> 0 | L22: =Entrate_Uscite!X42 -> 9309773.6 | M22: =IF(I22>0,L22/I22*100,"-") -> 100
A23: 402 Rimborso prestiti a breve termine | B23: =Entrate_Uscite!B43 -> 0 | C23: =Entrate_Uscite!E43 -> 0 | D23: =Entrate_Uscite!H43 -> 0 | E23: =Entrate_Uscite!K43 -> 201345.96 | F23: =Entrate_Uscite!N43 -> 999258.91 | G23: =Entrate_Uscite!Q43 -> 0 | H23: =Entrate_Uscite!T43 -> 0 | I23: =Entrate_Uscite!W43 -> 0 | J23: =I23/I$31*100 -> 0 | K23: =IF(H23>0,I23/H23*100-100,"-") -> - | L23: =Entrate_Uscite!X43 -> 0 | M23: =IF(I23>0,L23/I23*100,"-") -> -
A24: 403 Rimborso mutui e finanziamenti a medio-lungo termine | B24: =Entrate_Uscite!B44 -> 8671629.3 | C24: =Entrate_Uscite!E44 -> 16067687 | D24: =Entrate_Uscite!H44 -> 15600781 | E24: =Entrate_Uscite!K44 -> 10904810 | F24: =Entrate_Uscite!N44 -> 9960078.1 | G24: =Entrate_Uscite!Q44 -> 0 | H24: =Entrate_Uscite!T44 -> 14169656 | I24: =Entrate_Uscite!W44 -> 14364965 | J24: =I24/I$31*100 -> 1.211017 | K24: =IF(H24>0,I24/H24*100-100,"-") -> 1.3783593 | L24: =Entrate_Uscite!X44 -> 14364965 | M24: =IF(I24>0,L24/I24*100,"-") -> 100
A25: 404 Rimborso di altre forme di indebitamento | B25: =Entrate_Uscite!B45 -> 0 | C25: =Entrate_Uscite!E45 -> 0 | D25: =Entrate_Uscite!H45 -> 0 | E25: =Entrate_Uscite!K45 -> 0 | F25: =Entrate_Uscite!N45 -> 0 | G25: =Entrate_Uscite!Q45 -> 0 | H25: =Entrate_Uscite!T45 -> 0 | I25: =Entrate_Uscite!W45 -> 0 | J25: =I25/I$31*100 -> 0 | K25: =IF(H25>0,I25/H25*100-100,"-") -> - | L25: =Entrate_Uscite!X45 -> 0 | M25: =IF(I25>0,L25/I25*100,"-") -> -
A26: 405 Fondi per rimborso prestiti | B26: =Entrate_Uscite!B46 -> 0 | C26: =Entrate_Uscite!E46 -> 0 | D26: =Entrate_Uscite!H46 -> 0 | E26: =Entrate_Uscite!K46 -> 0 | F26: =Entrate_Uscite!N46 -> 0 | G26: =Entrate_Uscite!Q46 -> 0 | H26: =Entrate_Uscite!T46 -> 0 | I26: =Entrate_Uscite!W46 -> 0 | J26: =I26/I$31*100 -> 0 | K26: =IF(H26>0,I26/H26*100-100,"-") -> - | L26: =Entrate_Uscite!X46 -> 0 | M26: =IF(I26>0,L26/I26*100,"-") -> -
A27: - Rimborso prestiti | B27: =SUM(B22:B26) -> 17559820 | C27: =SUM(C22:C26) -> 25012005 | D27: =SUM(D22:D26) -> 24602564 | E27: =SUM(E22:E26) -> 20216541 | F27: =SUM(F22:F26) -> 20080060 | G27: =SUM(G22:G26) -> 0 | H27: =SUM(H22:H26) -> 23479430 | I27: =SUM(I22:I26) -> 23674739 | J27: =I27/I$31*100 -> 1.9958636 | K27: =IF(H27>0,I27/H27*100-100,"-") -> 0.83182927 | L27: =SUM(L22:L26) -> 23674739 | M27: =IF(I27>0,L27/I27*100,"-") -> 100
A28: - Chiusura anticipazioni ricevute da tesoriere/cassiere | B28: =Entrate_Uscite!B54 -> 0 | C28: =Entrate_Uscite!E54 -> 0 | D28: =Entrate_Uscite!H54 -> 0 | E28: =Entrate_Uscite!K54 -> 0 | F28: =Entrate_Uscite!N54 -> 0 | G28: =Entrate_Uscite!Q54 -> 0 | H28: =Entrate_Uscite!T54 -> 0 | I28: =Entrate_Uscite!W54 -> 0 | J28: =I28/I$31*100 -> 0 | K28: =IF(H28>0,I28/H28*100-100,"-") -> - | L28: =Entrate_Uscite!X54 -> 0 | M28: =IF(I28>0,L28/I28*100,"-") -> -
A29: - Uscite per conto terzi e partite di giro | B29: =Entrate_Uscite!B55 -> 2.0302555e+08 | C29: =Entrate_Uscite!E55 -> 1.1984478e+08 | D29: =Entrate_Uscite!H55 -> 1.576634e+08 | E29: =Entrate_Uscite!K55 -> 1.1803529e+08 | F29: =Entrate_Uscite!N55 -> 1.7124172e+08 | G29: =Entrate_Uscite!Q55 -> 1.1486941e+08 | H29: =Entrate_Uscite!T55 -> 1.2794324e+08 | I29: =Entrate_Uscite!W55 -> 1.8177296e+08 | K29: =IF(H29>0,I29/H29*100-100,"-") -> 42.07313 | L29: =Entrate_Uscite!X55 -> 99316852 | M29: =IF(I29>0,L29/I29*100,"-") -> 54.637857
A30: Totale Uscite | B30: =B10+B15+B20+B27+B28+B29 -> 1.6673673e+09 | C30: =C10+C15+C20+C27+C28+C29 -> 1.2114137e+09 | D30: =D10+D15+D20+D27+D28+D29 -> 1.2370993e+09 | E30: =E10+E15+E20+E27+E28+E29 -> 1.1895925e+09 | F30: =F10+F15+F20+F27+F28+F29 -> 1.2751079e+09 | G30: =G10+G15+G20+G27+G28+G29 -> 1.2111044e+09 | H30: =H10+H15+H20+H27+H28+H29 -> 1.3495151e+09 | I30: =I10+I15+I20+I27+I28+I29 -> 1.3679632e+09 | K30: =IF(H30>0,I30/H30*100-100,"-") -> 1.3670148 | L30: =L10+L15+L20+L27+L28+L29 -> 9.6628182e+08 | M30: =IF(I30>0,L30/I30*100,"-") -> 70.636538
A31: Uscite nette | B31: =B30-B29 -> 1.4643418e+09 | C31: =C30-C29 -> 1.0915689e+09 | D31: =D30-D29 -> 1.0794359e+09 | E31: =E30-E29 -> 1.0715572e+09 | F31: =F30-F29 -> 1.1038662e+09 | G31: =G30-G29 -> 1.096235e+09 | H31: =H30-H29 -> 1.2215718e+09 | I31: =I30-I29 -> 1.1861902e+09 | J31: =I31/I$31*100 -> 100 | K31: =IF(H31>0,I31/H31*100-100,"-") -> -2.8964038 | L31: =L30-L29 -> 8.6696497e+08 | M31: =IF(I31>0,L31/I31*100,"-") -> 73.088192

Sheet Tav_Saldi
B1: 2016 | C1: 2017 | D1: 2018 | E1: 2019 | F1: 2020 | G1: 2021 | H1: 2022 | I1: 2023 | J1: Diff. | K1: Risc. - Pag.
A2: Saldo corrente | B2: =Entrate_Uscite!B59 -> -2.6246346e+08 | C2: =Entrate_Uscite!E59 -> 31385398 | D2: =Entrate_Uscite!H59 -> 53644793 | E2: =Entrate_Uscite!K59 -> 49739424 | F2: =Entrate_Uscite!N59 -> 39234174 | G2: =Entrate_Uscite!Q59 -> 56018716 | H2: =Entrate_Uscite!T59 -> 64020395 | I2: =Entrate_Uscite!W59 -> 95267588 | J2: =I2-H2 -> 31247193 | K2: =Entrate_Uscite!X59 -> 79278616
A3: Saldo in conto capitale | B3: =Entrate_Uscite!B60 -> -74751879 | C3: =Entrate_Uscite!E60 -> -43694463 | D3: =Entrate_Uscite!H60 -> -32354517 | E3: =Entrate_Uscite!K60 -> -31132808 | F3: =Entrate_Uscite!N60 -> -37975744 | G3: =Entrate_Uscite!Q60 -> -5000712 | H3: =Entrate_Uscite!T60 -> -12330401 | I3: =Entrate_Uscite!W60 -> -17228702 | J3: =I3-H3 -> -4898300.9 | K3: =Entrate_Uscite!X60 -> -12758018
A4: Saldo riduzione/incremento attività finanziarie | B4: =Entrate_Uscite!B16-Entrate_Uscite!B52 -> -1637500 | C4: =Entrate_Uscite!E16-Entrate_Uscite!E52 -> -3604658.2 | D4: =Entrate_Uscite!H16-Entrate_Uscite!H52 -> -1637500 | E4: =Entrate_Uscite!K16-Entrate_Uscite!K52 -> -3585250 | F4: =Entrate_Uscite!N16-Entrate_Uscite!N52 -> 0 | G4: =Entrate_Uscite!Q16-Entrate_Uscite!Q52 -> 0 | H4: =Entrate_Uscite!T16-Entrate_Uscite!T52 -> 0 | I4: =Entrate_Uscite!W16-Entrate_Uscite!W52 -> 0 | J4: =I4-H4 -> 0 | K4: =Entrate_Uscite!X16-Entrate_Uscite!X52 -> -2203840.7
A5: Saldo finale | B5: =SUM(Entrate_Uscite!B14:B16)-SUM(Entrate_Uscite!B50:B52) -> -3.3885284e+08 | C5: =SUM(Entrate_Uscite!E14:E16)-SUM(Entrate_Uscite!E50:E52) -> -15913723 | D5: =SUM(Entrate_Uscite!H14:H16)-SUM(Entrate_Uscite!H50:H52) -> 19652776 | E5: =SUM(Entrate_Uscite!K14:K16)-SUM(Entrate_Uscite!K50:K52) -> 15021366 | F5: =SUM(Entrate_Uscite!N14:N16)-SUM(Entrate_Uscite!N50:N52) -> 1258429.9 | G5: =SUM(Entrate_Uscite!Q14:Q16)-SUM(Entrate_Uscite!Q50:Q52) -> 51018004 | H5: =SUM(Entrate_Uscite!T14:T16)-SUM(Entrate_Uscite!T50:T52) -> 51689994 | I5: =SUM(Entrate_Uscite!W14:W16)-SUM(Entrate_Uscite!W50:W52) -> 78038886 | J5: =I5-H5 -> 26348892 | K5: =SUM(Entrate_Uscite!X14:X16)-SUM(Entrate_Uscite!X50:X52) -> 64316758
A6: Saldo netto | B6: =Entrate_Uscite!B58 -> -1.0206666e+08 | C6: =Entrate_Uscite!E58 -> -40925728 | D6: =Entrate_Uscite!H58 -> -4949788 | E6: =Entrate_Uscite!K58 -> -4993828.5 | F6: =Entrate_Uscite!N58 -> -17822371 | G6: =Entrate_Uscite!Q58 -> 29968654 | H6: =Entrate_Uscite!T58 -> 28210565 | I6: =Entrate_Uscite!W58 -> 54364148 | J6: =I6-H6 -> 26153583 | K6: =Entrate_Uscite!X58 -> 40642019

Sheet Risultato_amministrazione
B1: 2016 | C1: 2017 | D1: 2018 | E1: 2019 | F1: 2020 | G1: 2021 | H1: 2022 | I1: 2023
A2: Saldo di cassa | B2: 2.5093384e+08 | C2: 1.2710157e+08 | D2: 57018022 | E2: 47913605 | F2: 63751405 | G2: 43007913 | H2: 64996962 | I2: 87434657
A3: Residui attivi | B3: 6.6432153e+08 | C3: 5.964224e+08 | D3: 6.1659903e+08 | E3: 6.9914201e+08 | F3: 5.3470617e+08 | G3: 6.4546679e+08 | H3: 8.5377262e+08 | I3: 9.156676e+08
A4: Residui passivi | B4: 5.8995834e+08 | C4: 5.2687246e+08 | D4: 4.8822961e+08 | E4: 6.0850532e+08 | F4: 4.7435251e+08 | G4: 5.3155211e+08 | H4: 7.2818456e+08 | I4: 7.902943e+08
A5: FPV per spese correnti | B5: 5858293.2 | C5: 2223664.2 | D5: 10716809 | E5: 15390739 | F5: 15916911 | G5: 40841936 | H5: 18930877 | I5: 19819402
A6: FPV per spese in conto capitale (*) | B6: 1.1357895e+08 | C6: 52254146 | D6: 39621952 | E6: 25286129 | F6: 48363054 | G6: 39715772 | H6: 26542630 | I6: 53070866
A7: Risultato di amministrazione (A) | B7: =B2+B3-B4-B5-B6 -> 2.0585979e+08 | C7: =C2+C3-C4-C5-C6 -> 1.421737e+08 | D7: =D2+D3-D4-D5-D6 -> 1.3504868e+08 | E7: =E2+E3-E4-E5-E6 -> 97873429 | F7: =F2+F3-F4-F5-F6 -> 59825099 | G7: =G2+G3-G4-G5-G6 -> 76364887 | H7: =H2+H3-H4-H5-H6 -> 1.4511152e+08 | I7: =I2+I3-I4-I5-I6 -> 1.3991768e+08
A8: Fondo crediti di dubbia esigibilità | B8: 9660400.3 | C8: 12073179 | D8: 27266581 | E8: 25844693 | F8: 92793709 | G8: 1.0207218e+08 | H8: 92408038 | I8: 65238878
A9: Fondo a copertura residui perenti | B9: 60890429 | C9: 3945626.1 | D9: 2981585.7 | E9: 2833244.5 | F9: 31732356 | G9: 21489697 | H9: 21489697 | I9: 21489697
A10: Fondo anticipazioni liquidità DL35/2013 | B10: =69084525.37+254346000 -> 3.2343053e+08 | C10: 3.1388245e+08 | D10: 3.0256817e+08 | E10: 2.9280402e+08 | F10: 2.8295314e+08 | G10: 2.7301378e+08 | H10: 2.6325283e+08 | I10: 2.5342688e+08
A11: Fondo perdite società partecipate | B11: 2030127.3 | C11: 3898068.5 | D11: 658355.75 | E11: 1089214 | F11: 0 | G11: 0 | H11: 963918.37 | I11: 5319577
A12: Fondo contenzioso | B12: 0 | C12: 5298843.3 | D12: 6877824.3 | E12: 5552490.8 | F12: 14536233 | G12: 19502149 | H12: 52963989 | I12: 54449519
A13: Altri accantonamenti | B13: 2039328.9 | C13: 1872515 | D13: 15051450 | E13: 13835075 | F13: 44350083 | G13: 46146681 | H13: 76340269 | I13: 80993614
A14: Parte accantonata (B) | B14: =SUM(B8:B13) -> 3.9805081e+08 | C14: =SUM(C8:C13) -> 3.4097069e+08 | D14: =SUM(D8:D13) -> 3.5540397e+08 | E14: =SUM(E8:E13) -> 3.4195874e+08 | F14: =SUM(F8:F13) -> 4.6636552e+08 | G14: =SUM(G8:G13) -> 4.6222448e+08 | H14: =SUM(H8:H13) -> 5.0741874e+08 | I14: =SUM(I8:I13) -> 4.8091817e+08
A15: Vincoli da leggi e principi contabili | B15: 0 | C15: 0 | D15: 0 | E15: 0 | F15: 0 | G15: 0 | H15: 0 | I15: 0
A16: Vincoli da trasferimenti | B16: 3.3484969e+08 | C16: 3.0975756e+08 | D16: 2.7895959e+08 | E16: 2.6244173e+08 | F16: 1.7823084e+08 | G16: 1.8034365e+08 | H16: 1.8896174e+08 | I16: 1.6468091e+08
A17: Vincoli da contrazione di mutui | B17: 0 | D17: 9146602.5 | E17: 6972380.9 | F17: 3417543.6 | G17: 3417543.6 | H17: 3417543.6 | I17: 3437761.4
A18: Vincoli attribuiti dall'ente | B18: 0 | D18: 0 | E18: 947357.51 | F18: 0 | G18: 0 | H18: 0 | I18: 0
A19: Altri vincoli | B19: 0 | D19: 3283686.3 | E19: 0 | F19: 931018.09 | G19: 13446133 | H19: 14794546 | I19: 13889466
A20: Parte vincolata (C) | B20: =SUM(B15:B19) -> 3.3484969e+08 | C20: =SUM(C15:C19) -> 3.0975756e+08 | D20: =SUM(D15:D19) -> 2.9138988e+08 | E20: =SUM(E15:E19) -> 2.7036147e+08 | F20: =SUM(F15:F19) -> 1.8257941e+08 | G20: =SUM(G15:G19) -> 1.9720733e+08 | H20: =SUM(H15:H19) -> 2.0717383e+08 | I20: =SUM(I15:I19) -> 1.8200814e+08
A21: Parte destinata a investimenti (D) | B21: 0 | C21: 0 | D21: 0 | E21: 0 | F21: 0 | G21: 0 | H21: 0 | I21: 0
A22: Parte disponibile (E=A-B-C-D) | B22: =B7-B14-B20-B21 -> -5.2704071e+08 | C22: =C7-C14-C20-C21 -> -5.0855454e+08 | D22: =D7-D14-D20-D21 -> -5.1174517e+08 | E22: =E7-E14-E20-E21 -> -5.1444678e+08 | F22: =F7-F14-F20-F21 -> -5.8911983e+08 | G22: =G7-G14-G20-G21 -> -5.8306693e+08 | H22: =H7-H14-H20-H21 -> -5.6948106e+08 | I22: =I7-I14-I20-I21 -> -5.2300863e+08
B23: -2.6325919e+08 | C23: -87097844 | D23: -10521327 | E23: -47454947 | F23: -16686239 | G23: -11876699 | H23: -4668215.4 | I23: -38241298
A24: Rapporto Fcde/Residui attivi (scala dx) | B24: =B8/B3*100 -> 1.4541754 | C24: =C8/C3*100 -> 2.0242665 | D24: =D8/D3*100 -> 4.4220928 | E24: =E8/E3*100 -> 3.6966299 | F24: =F8/F3*100 -> 17.35415 | G24: =G8/G3*100 -> 15.813699 | H24: =H8/H3*100 -> 10.823495 | I24: =I8/I3*100 -> 7.1247338
A25: (*) include FPV per incremento attività finanziarie
A57: Altri accantonamenti | B57: =SUM(B11:B13) -> 4069456.2 | C57: =SUM(C11:C13) -> 11069427 | D57: =SUM(D11:D13) -> 22587630 | E57: =SUM(E11:E13) -> 20476780 | F57: =SUM(F11:F13) -> 58886315 | G57: =SUM(G11:G13) -> 65648829 | H57: =SUM(H11:H13) -> 1.3026818e+08 | I57: =SUM(I11:I13) -> 1.4076271e+08

Sheet Conto_economico
C1: 2016 | D1: 2017 | E1: 2018 | F1: 2019 | G1: 2020 | H1: 2021 | I1: 2022 | J1: 2023 | K1: Diff.
A2: Proventi da tributi | B2: (+) | C2: 7.0364167e+08 | D2: 7.0151647e+08 | E2: 7.0332305e+08 | F2: 7.3705571e+08 | G2: 7.2006764e+08 | H2: 7.5086089e+08 | I2: 7.8240115e+08 | J2: 7.8329232e+08 | K2: =J2-I2 -> 891178.5
A3: Proventi da fondi perequativi | B3: (+) | D3: 0 | E3: 0 | F3: 0 | G3: 0 | H3: 0 | I3: 0 | J3: 0 | K3: =J3-I3 -> 0
A4: Proventi da trasferimenti e contributi | B4: (+) | C4: 3.7821045e+08 | D4: 3.4045589e+08 | E4: 3.3624904e+08 | F4: 2.6332248e+08 | G4: 3.215146e+08 | H4: 3.4062405e+08 | I4: 3.7107787e+08 | J4: 4.2704182e+08 | K4: =J4-I4 -> 55963955
A5: Ricavi delle vendite e prestazioni e proventi da servizi pubblici | B5: (+) | C5: 1424835.9 | D5: 1905436.6 | E5: 13651310 | F5: 1262154 | G5: 1956304.9 | H5: 2130249.4 | I5: 2388069.4 | J5: 3235033.6 | K5: =J5-I5 -> 846964.25
A6: Variazioni nelle rimanenze di prodotti in corso di lavorazione, etc. (+/-) | B6: (+) | C6: 0 | D6: 0 | E6: 0 | F6: 0 | G6: 0 | H6: 0 | I6: 0 | J6: 0 | K6: =J6-I6 -> 0
A7: Variazione dei lavori in corso su ordinazione | B7: (+) | C7: 0 | D7: 0 | E7: 0 | F7: 0 | G7: 0 | H7: 0 | I7: 0 | J7: 0 | K7: =J7-I7 -> 0
A8: Incrementi di immobilizzazioni per lavori interni | B8: (+) | C8: 0 | D8: 0 | E8: 0 | F8: 0 | G8: 0 | H8: 0 | I8: 0 | J8: 0 | K8: =J8-I8 -> 0
A9: Altri ricavi e proventi diversi | B9: (+) | C9: 10112006 | D9: 11197828 | E9: 4423924.3 | F9: 9596613.5 | G9: 11607696 | H9: 9450889.4 | I9: 2602305.4 | J9: 3570762.4 | K9: =J9-I9 -> 968456.98
A10: COMPONENTI POSITIVI DELLA GESTIONE | B10: (+) | C10: =SUM(C2:C9) -> 1.093389e+09 | D10: =SUM(D2:D9) -> 1.0550756e+09 | E10: =SUM(E2:E9) -> 1.0576473e+09 | F10: =SUM(F2:F9) -> 1.011237e+09 | G10: =SUM(G2:G9) -> 1.0551462e+09 | H10: =SUM(H2:H9) -> 1.1030661e+09 | I10: =SUM(I2:I9) -> 1.1584694e+09 | J10: =SUM(J2:J9) -> 1.2171399e+09 | K10: =J10-I10 -> 58670555
A11: Acquisto di materie prime e/o beni di consumo | B11: (-) | C11: 1891160.6 | D11: 260129.05 | E11: 393097.14 | F11: 461544.81 | G11: 464368.47 | H11: 578214.92 | I11: 1051460.1 | J11: 257923.67 | K11: =J11-I11 -> -793536.48
A12: Prestazioni di servizi | B12: (-) | C12: 2.9116226e+08 | D12: 1.5780346e+08 | E12: 1.7459798e+08 | F12: 1.7796696e+08 | G12: 1.7740231e+08 | H12: 1.5778228e+08 | I12: 1.8319814e+08 | J12: 2.0659611e+08 | K12: =J12-I12 -> 23397967
A13: Utilizzo beni di terzi | B13: (-) | C13: 2035678.5 | D13: 881721.23 | E13: 918070.56 | F13: 661962.75 | G13: 709228.55 | H13: 578870.61 | I13: 826220.37 | J13: 517932.65 | K13: =J13-I13 -> -308287.72
A14: Trasferimenti e contributi | B14: (-) | C14: 9.8605364e+08 | D14: 8.2238556e+08 | E14: 7.849766e+08 | F14: 7.7906449e+08 | G14: 8.2397751e+08 | H14: 8.4950081e+08 | I14: 9.449276e+08 | J14: 8.5693472e+08 | K14: =J14-I14 -> -87992886
A15: Personale | B15: (-) | C15: 37921099 | D15: 36392465 | E15: 31574622 | F15: 33618571 | G15: 38109917 | H15: 28181852 | I15: 27375881 | J15: 22074247 | K15: =J15-I15 -> -5301633.3
A16: Ammortamenti e svalutazioni | B16: (-) | C16: 5697816.8 | D16: 4704858.1 | E16: 11614173 | F16: 32020156 | G16: 42107165 | H16: 1.035506e+08 | I16: 1773705.8 | J16: 67181826 | K16: =J16-I16 -> 65408120
A17: Variazioni nelle rimanenze di materie prime e/o beni di consumo (+/-) | B17: (-) | D17: 0 | E17: 0 | F17: 0 | G17: 0 | H17: 0 | I17: 0 | J17: 0 | K17: =J17-I17 -> 0
A18: Accantonamenti per rischi | B18: (-) | C18: 1939328.9 | D18: 5163539.2 | E18: 4163843.4 | F18: 6641704.8 | G18: 1000000 | H18: 19502149 | I18: 34425759 | J18: 2485530.1 | K18: =J18-I18 -> -31940229
A19: Altri accantonamenti | B19: (-) | C19: 2130127.3 | D19: 0 | E19: 3895482.5 | F19: 22126738 | G19: 44117690 | H19: 9581929.8 | I19: 17742347 | J19: 16854872 | K19: =J19-I19 -> -887474.72
A20: Oneri diversi di gestione | B20: (-) | C20: 3354323.3 | D20: 18203493 | E20: 11062577 | F20: 16622945 | G20: 17078308 | H20: 19019381 | I20: 21682472 | J20: 26968156 | K20: =J20-I20 -> 5285684.2
A21: COMPONENTI NEGATIVI DELLA GESTIONE | B21: (-) | C21: =SUM(C11:C20) -> 1.3321854e+09 | D21: =SUM(D11:D20) -> 1.0457952e+09 | E21: =SUM(E11:E20) -> 1.0231965e+09 | F21: =SUM(F11:F20) -> 1.0691851e+09 | G21: =SUM(G11:G20) -> 1.1449665e+09 | H21: =SUM(H11:H20) -> 1.1882761e+09 | I21: =SUM(I11:I20) -> 1.2330036e+09 | J21: =SUM(J11:J20) -> 1.1998713e+09 | K21: =J21-I21 -> -33132276
A22: Proventi finanziari | B22: (+) | C22: 215800.63 | D22: 11503302 | E22: 2561040.5 | F22: 4295219 | G22: 1134351.2 | H22: 1650229.4 | I22: 3343319.1 | J22: 3974990.5 | K22: =J22-I22 -> 631671.36
A23: Oneri finanziari | B23: (-) | C23: 16280128 | D23: 19513437 | E23: 16831426 | F23: 12313020 | G23: 14464717 | H23: 13245773 | I23: 11894542 | J23: 13892698 | K23: =J23-I23 -> 1998156.4
A24: Rettifiche di valore | B24: (+) | C24: 0 | D24: 0 | E24: 0 | F24: 0 | G24: 0 | H24: -5035673.8 | I24: -1540825 | J24: -29492185 | K24: =J24-I24 -> -27951360
A25: Proventi straordinari | B25: (+) | C25: 25960141 | D25: 1038002.2 | E25: 4865888.2 | F25: 5611635.7 | G25: 20504599 | H25: 20269479 | I25: 62349693 | J25: 16924872 | K25: =J25-I25 -> -45424821
A26: Oneri straordinari | B26: (-) | C26: 2.6836459e+08 | D26: 87606515 | E26: 16793971 | F26: 47615415 | G26: 20536227 | H26: 21534813 | I26: 6738792 | J26: 41649978 | K26: =J26-I26 -> 34911186
A27: Imposte | B27: (-) | C27: 429480.84 | D27: 2615929.4 | E27: 2832658.8 | F27: 2830187.2 | G27: 2747600.7 | H27: 2264984.9 | I27: 2031072.7 | J27: 1885736.1 | K27: =J27-I27 -> -145336.58
A28: Risultato dell'esercizio | B28: (=) | C28: =C10-C21+C22-C23+C24+C25-C26-C27 -> -4.9769474e+08 | D28: =D10-D21+D22-D23+D24+D25-D26-D27 -> -87914178 | E28: =E10-E21+E22-E23+E24+E25-E26-E27 -> 5419746.7 | F28: =F10-F21+F22-F23+F24+F25-F26-F27 -> -1.1079988e+08 | G28: =G10-G21+G22-G23+G24+G25-G26-G27 -> -1.0592985e+08 | H28: =H10-H21+H22-H23+H24+H25-H26-H27 -> -1.0537153e+08 | I28: =I10-I21+I22-I23+I24+I25-I26-I27 -> -31046418 | J28: =J10-J21+J22-J23+J24+J25-J26-J27 -> -48752103 | K28: =J28-I28 -> -17705685
A29: Margine operativo lordo | C29: =C10-SUM(C11:C15)+C17 -> -2.2567488e+08 | D29: =D10-SUM(D11:D15)+D17 -> 37352289 | E29: =E10-SUM(E11:E15)+E17 -> 65186950 | F29: =F10-SUM(F11:F15)+F17 -> 19463430 | G29: =G10-SUM(G11:G15)+G17 -> 14482904 | H29: =H10-SUM(H11:H15)+H17 -> 66444064 | I29: =I10-SUM(I11:I15)+I17 -> 1090085.7 | J29: =J10-SUM(J11:J15)+J17 -> 1.3075902e+08 | K29: =J29-I29 -> 1.2966893e+08

Sheet Tav_contoeconomico
B1: 2016 | C1: 2017 | D1: 2018 | E1: 2019 | F1: 2020 | G1: 2021 | H1: 2022 | I1: 2023 | J1: Diff.
A2: Ricavi e proventi | B2: =Conto_economico!C10 -> 1.093389e+09 | C2: =Conto_economico!D10 -> 1.0550756e+09 | D2: =Conto_economico!E10 -> 1.0576473e+09 | E2: =Conto_economico!F10 -> 1.011237e+09 | F2: =Conto_economico!G10 -> 1.0551462e+09 | G2: =Conto_economico!H10 -> 1.1030661e+09 | H2: =Conto_economico!I10 -> 1.1584694e+09 | I2: =Conto_economico!J10 -> 1.2171399e+09 | J2: =I2-H2 -> 58670555
A3: -- di cui proventi da tributi | B3: =Conto_economico!C2 -> 7.0364167e+08 | C3: =Conto_economico!D2 -> 7.0151647e+08 | D3: =Conto_economico!E2 -> 7.0332305e+08 | E3: =Conto_economico!F2 -> 7.3705571e+08 | F3: =Conto_economico!G2 -> 7.2006764e+08 | G3: =Conto_economico!H2 -> 7.5086089e+08 | H3: =Conto_economico!I2 -> 7.8240115e+08 | I3: =Conto_economico!J2 -> 7.8329232e+08 | J3: =I3-H3 -> 891178.5
A4: -- di cui proventi da trasferimenti | B4: =Conto_economico!C4 -> 3.7821045e+08 | C4: =Conto_economico!D4 -> 3.4045589e+08 | D4: =Conto_economico!E4 -> 3.3624904e+08 | E4: =Conto_economico!F4 -> 2.6332248e+08 | F4: =Conto_economico!G4 -> 3.215146e+08 | G4: =Conto_economico!H4 -> 3.4062405e+08 | H4: =Conto_economico!I4 -> 3.7107787e+08 | I4: =Conto_economico!J4 -> 4.2704182e+08 | J4: =I4-H4 -> 55963955
A5: Costi | B5: =Conto_economico!C21 -> 1.3321854e+09 | C5: =Conto_economico!D21 -> 1.0457952e+09 | D5: =Conto_economico!E21 -> 1.0231965e+09 | E5: =Conto_economico!F21 -> 1.0691851e+09 | F5: =Conto_economico!G21 -> 1.1449665e+09 | G5: =Conto_economico!H21 -> 1.1882761e+09 | H5: =Conto_economico!I21 -> 1.2330036e+09 | I5: =Conto_economico!J21 -> 1.1998713e+09 | J5: =I5-H5 -> -33132276
A6: -- di cui prestazioni di servizi | B6: =Conto_economico!C12 -> 2.9116226e+08 | C6: =Conto_economico!D12 -> 1.5780346e+08 | D6: =Conto_economico!E12 -> 1.7459798e+08 | E6: =Conto_economico!F12 -> 1.7796696e+08 | F6: =Conto_economico!G12 -> 1.7740231e+08 | G6: =Conto_economico!H12 -> 1.5778228e+08 | H6: =Conto_economico!I12 -> 1.8319814e+08 | I6: =Conto_economico!J12 -> 2.0659611e+08 | J6: =I6-H6 -> 23397967
A7: -- di cui personale | B7: =Conto_economico!C15 -> 37921099 | C7: =Conto_economico!D15 -> 36392465 | D7: =Conto_economico!E15 -> 31574622 | E7: =Conto_economico!F15 -> 33618571 | F7: =Conto_economico!G15 -> 38109917 | G7: =Conto_economico!H15 -> 28181852 | H7: =Conto_economico!I15 -> 27375881 | I7: =Conto_economico!J15 -> 22074247 | J7: =I7-H7 -> -5301633.3
A8: -- di cui ammortamenti e svalutazioni | B8: =Conto_economico!C16 -> 5697816.8 | C8: =Conto_economico!D16 -> 4704858.1 | D8: =Conto_economico!E16 -> 11614173 | E8: =Conto_economico!F16 -> 32020156 | F8: =Conto_economico!G16 -> 42107165 | G8: =Conto_economico!H16 -> 1.035506e+08 | H8: =Conto_economico!I16 -> 1773705.8 | I8: =Conto_economico!J16 -> 67181826 | J8: =I8-H8 -> 65408120
A9: Margine operativo lordo | B9: =Conto_economico!C$29 -> -2.2567488e+08 | C9: =Conto_economico!D$29 -> 37352289 | D9: =Conto_economico!E$29 -> 65186950 | E9: =Conto_economico!F$29 -> 19463430 | F9: =Conto_economico!G$29 -> 14482904 | G9: =Conto_economico!H$29 -> 66444064 | H9: =Conto_economico!I$29 -> 1090085.7 | I9: =Conto_economico!J$29 -> 1.3075902e+08 | J9: =I9-H9 -> 1.2966893e+08
A10: Saldo della gestione | B10: =B2-B5 -> -2.3879648e+08 | C10: =C2-C5 -> 9280399.1 | D10: =D2-D5 -> 34450874 | E10: =E2-E5 -> -57948114 | F10: =F2-F5 -> -89820259 | G10: =G2-G5 -> -85209991 | H10: =H2-H5 -> -74534198 | I10: =I2-I5 -> 17268632 | J10: =I10-H10 -> 91802831
A11: (Proventi - Oneri) finanziari | B11: =Conto_economico!C22-Conto_economico!C23 -> -16064327 | C11: =Conto_economico!D22-Conto_economico!D23 -> -8010134.8 | D11: =Conto_economico!E22-Conto_economico!E23 -> -14270386 | E11: =Conto_economico!F22-Conto_economico!F23 -> -8017800.8 | F11: =Conto_economico!G22-Conto_economico!G23 -> -13330366 | G11: =Conto_economico!H22-Conto_economico!H23 -> -11595543 | H11: =Conto_economico!I22-Conto_economico!I23 -> -8551222.9 | I11: =Conto_economico!J22-Conto_economico!J23 -> -9917708 | J11: =I11-H11 -> -1366485.1
A12: (Proventi- Oneri) straordinari | B12: =Conto_economico!C25-Conto_economico!C26 -> -2.4240445e+08 | C12: =Conto_economico!D25-Conto_economico!D26 -> -86568513 | D12: =Conto_economico!E25-Conto_economico!E26 -> -11928083 | E12: =Conto_economico!F25-Conto_economico!F26 -> -42003779 | F12: =Conto_economico!G25-Conto_economico!G26 -> -31628.35 | G12: =Conto_economico!H25-Conto_economico!H26 -> -1265334.1 | H12: =Conto_economico!I25-Conto_economico!I26 -> 55610901 | I12: =Conto_economico!J25-Conto_economico!J26 -> -24725106 | J12: =I12-H12 -> -80336007
A13: Rettifiche di valore | B13: =Conto_economico!C24 -> 0 | C13: =Conto_economico!D24 -> 0 | D13: =Conto_economico!E24 -> 0 | E13: =Conto_economico!F24 -> 0 | F13: =Conto_economico!G24 -> 0 | G13: =Conto_economico!H24 -> -5035673.8 | H13: =Conto_economico!I24 -> -1540825 | I13: =Conto_economico!J24 -> -29492185 | J13: =I13-H13 -> -27951360
A14: Saldo prima delle imposte | B14: =SUM(B10:B13) -> -4.9726525e+08 | C14: =SUM(C10:C13) -> -85298249 | D14: =SUM(D10:D13) -> 8252405.5 | E14: =SUM(E10:E13) -> -1.0796969e+08 | F14: =SUM(F10:F13) -> -1.0318225e+08 | G14: =SUM(G10:G13) -> -1.0310654e+08 | H14: =SUM(H10:H13) -> -29015346 | I14: =SUM(I10:I13) -> -46866367 | J14: =I14-H14 -> -17851021
A15: Imposte | B15: =Conto_economico!C27 -> 429480.84 | C15: =Conto_economico!D27 -> 2615929.4 | D15: =Conto_economico!E27 -> 2832658.8 | E15: =Conto_economico!F27 -> 2830187.2 | F15: =Conto_economico!G27 -> 2747600.7 | G15: =Conto_economico!H27 -> 2264984.9 | H15: =Conto_economico!I27 -> 2031072.7 | I15: =Conto_economico!J27 -> 1885736.1 | J15: =I15-H15 -> -145336.58
A16: Risultato dell'esercizio | B16: =B14-B15 -> -4.9769474e+08 | C16: =C14-C15 -> -87914178 | D16: =D14-D15 -> 5419746.7 | E16: =E14-E15 -> -1.1079988e+08 | F16: =F14-F15 -> -1.0592985e+08 | G16: =G14-G15 -> -1.0537153e+08 | H16: =H14-H15 -> -31046418 | I16: =I14-I15 -> -48752103 | J16: =I16-H16 -> -17705685

Sheet Stato_patrimoniale
B1: 2016 | C1: 2017 | D1: 2018 | E1: 2019 | F1: 2020 | G1: 2021 | H1: 2022 | I1: 2023
A2: Crediti verso lo Stato e altre AP per Fondo dotazione (A) | B2: 0 | C2: 0 | D2: 0 | E2: 0 | F2: 0 | G2: 0 | H2: 0 | I2: 0
A3: Immobilizzazioni immateriali (B1) | B3: 10752948 | C3: 25103384 | D3: 20084162 | E3: 4910930.4 | F3: 4328043.9 | G3: 4472867.7 | H3: 3710417.6 | I3: 4805423.4
A4: Immobilizzazioni materiali (B2) | B4: 64763016 | C4: 29232833 | D4: 28050731 | E4: 86386830 | F4: 86173724 | G4: 1.0011062e+08 | H4: 1.010284e+08 | I4: 1.1945017e+08
A5: Immobilizzazioni finanziarie - partecipazioni (B3.1) | B5: 43428676 | C5: 2.3774552e+08 | D5: 2.3998228e+08 | E5: 2.4389871e+08 | F5: 2.439934e+08 | G5: 2.4589199e+08 | H5: 2.4649455e+08 | I5: 2.1762374e+08
A6: Immobilizzazioni finanziarie - crediti (B3.2) | B6: 0 | C6: 1637500 | D6: 3275000 | E6: 4912500 | F6: 4912500 | G6: 0 | H6: 0 | I6: 0
A7: Immobilizzazioni finanziarie - altri titoli (B3.3) | B7: 0 | C7: 0 | D7: 0 | E7: 0 | F7: 0 | G7: 0 | H7: 0 | I7: 0
A8: Rimanenze (C1) | B8: 0 | C8: 0 | D8: 0 | E8: 0 | F8: 0 | G8: 0 | H8: 0 | I8: 0
A9: Crediti (C2) | B9: 6.6432153e+08 | C9: 5.964224e+08 | D9: 7.431609e+08 | E9: 6.9823891e+08 | F9: 5.3470617e+08 | G9: 6.4442509e+08 | H9: 8.5412183e+08 | I9: 8.4549839e+08
A10: di cui da tributi destinati al finanziamento della sanità | B10: 1.317283e+08 | C10: 1.212433e+08 | D10: 1.3014252e+08 | E10: 3.2267997e+08 | F10: 2.527957e+08 | G10: 2.751142e+08 | H10: 2.9774339e+08 | I10: 3.1239035e+08
A11: di cui da trasferimenti e contributi da amm.ni pubbliche | B11: 3.1469938e+08 | C11: 2.3487033e+08 | D11: 2.2883974e+08 | E11: 2.139915e+08 | F11: 1.0490304e+08 | G11: 2.0863513e+08 | H11: 3.4108268e+08 | I11: 3.1778343e+08
A12: Attività finanziarie che non costituiscono utilizzi (C3) | B12: 0 | C12: 0 | D12: 0 | E12: 0 | F12: 0 | G12: 0 | H12: 0 | I12: 0
A13: Disponibilità liquide (C4) | B13: 2.5093384e+08 | C13: 1.2710157e+08 | D13: 57018022 | E13: 50373027 | F13: 66561387 | G13: 44066012 | H13: 91306258 | I13: 1.2956883e+08
A14: Ratei e risconti attivi (D) | B14: 0 | C14: 0 | D14: 2642.83 | E14: 0 | F14: 0 | G14: 0 | H14: 0 | I14: 0
A15: TOTALE ATTIVO | B15: =SUM(B2:B9)+SUM(B12:B14) -> 1.0342e+09 | C15: =SUM(C2:C9)+SUM(C12:C14) -> 1.0172432e+09 | D15: =SUM(D2:D9)+SUM(D12:D14) -> 1.0915737e+09 | E15: =SUM(E2:E9)+SUM(E12:E14) -> 1.0887209e+09 | F15: =SUM(F2:F9)+SUM(F12:F14) -> 9.4067523e+08 | G15: =SUM(G2:G9)+SUM(G12:G14) -> 1.0389666e+09 | H15: =SUM(H2:H9)+SUM(H12:H14) -> 1.2966614e+09 | I15: =SUM(I2:I9)+SUM(I12:I14) -> 1.3169465e+09
A16: Fondo di dotazione (A1) | B16: 3.3050413e+08 | C16: 482045906 | D16: 482045906 | E16: 4.60559e+08 | F16: 3.5563209e+08 | G16: 2.8801765e+08 | H16: 3.2297795e+08 | I16: 3.2297795e+08
A17: Riserve (A2) | B17: 0 | C17: -4.9769474e+08 | D17: -5.8561024e+08 | E17: -5.1846036e+08 | F17: -6.2796511e+08 | G17: 72921924 | H17: 75065310 | I17: 75686688
A18: Risultato economico dell'esercizio (A3) | B18: -4.9769474e+08 | C18: -87915504 | D18: 5419746.7 | E18: -91760938 | F18: -1.0592985e+08 | G18: -1.0537153e+08 | H18: -31046418 | I18: -48752103
A19: Risultato economico di esercizi precedenti (A4) | G19: -1.0592985e+08 | H19: -2.0171945e+08 | I19: -2.3276587e+08
A20: Riserve negative per beni indisponibili (A5) | G20: -695244645 | H20: -6.9524465e+08 | I20: -6.775023e+08
A21: Fondo rischi ed oneri (B) | B21: 3.3716038e+08 | C21: 3.3497413e+08 | D21: 3.3173591e+08 | E21: 3.9637015e+08 | F21: 4.0344795e+08 | G21: 5.1673931e+08 | H21: 5.5932548e+08 | I21: 5.7105919e+08
A22: Debiti da finanziamento (D1) | B22: 3.9497533e+08 | C22: 3.0704812e+08 | D22: 3.6299582e+08 | E22: 4.3161857e+08 | F22: 5.4669511e+08 | G22: 4.8421494e+08 | H22: 4.6080443e+08 | I22: 4.3720161e+08
A23: Debiti verso fornitori (D2) | B23: 1.0189544e+08 | C23: 50900445 | D23: 43746233 | E23: 18125180 | F23: 21598554 | G23: 40618919 | H23: 65478291 | I23: 42141094
A24: Debiti per trasferimenti e contributi (D4) | B24: 3.4743526e+08 | C24: 2.6561003e+08 | D24: 3.4993479e+08 | E24: 3.7119774e+08 | F24: 3.0480889e+08 | G24: 3.4494322e+08 | H24: 5.0665766e+08 | I24: 5.3434034e+08
A25: di cui enti finanziati dal ssn | B25: 0 | C25: 0 | D25: 0 | E25: 0 | F25: 0 | G25: 0 | H25: 0 | I25: 0
A26: di cui altre amministrazioni pubbliche | B26: 3.4590925e+08 | C26: 2.452166e+08 | D26: 3.1713687e+08 | E26: 3.521296e+08 | F26: 2.7157144e+08 | G26: 2.8059942e+08 | H26: 4.444308e+08 | I26: 4.8872262e+08
A27: Altri debiti (D5) | B27: 19924203 | C27: 1.6227482e+08 | D27: 1.0056227e+08 | E27: 20395207 | F27: 18635084 | G27: 1.4598998e+08 | H27: 1.5604861e+08 | I27: 2.1381286e+08
A28: Ratei e risconti passivi (E) | B28: 0 | C28: 0 | D28: 743306.2 | E28: 676350.54 | F28: 23752511 | G28: 52066669 | H28: 78314230 | I28: 78747076
A29: TOTALE PASSIVO | B29: =SUM(B16:B28)-B25-B26 -> 1.0342e+09 | C29: =SUM(C16:C28)-C25-C26 -> 1.0172432e+09 | D29: =SUM(D16:D28)-D25-D26 -> 1.0915737e+09 | E29: =SUM(E16:E28)-E25-E26 -> 1.0887209e+09 | F29: =SUM(F16:F28)-F25-F26 -> 9.4067523e+08 | G29: =SUM(G16:G28)-G25-G26 -> 1.0389666e+09 | H29: =SUM(H16:H28)-H25-H26 -> 1.2966614e+09 | I29: =SUM(I16:I28)-I25-I26 -> 1.3169465e+09
A30: PATRIMONIO NETTO | B30: =B16+B17+B18 -> -1.6719061e+08 | C30: =C16+C17+C18 -> -1.0356433e+08 | D30: =D16+D17+D18 -> -98144587 | E30: =E16+E17+E18 -> -1.496623e+08 | F30: =SUM(F16:F20) -> -3.7826287e+08 | G30: =SUM(G16:G20) -> -5.4560645e+08 | H30: =SUM(H16:H20) -> -5.2996725e+08 | I30: =SUM(I16:I20) -> -5.6035563e+08
D31: =D30/D29*100 -> -8.9911092 | E31: =E30/E29*100 -> -13.746618 | F31: =F30/F29*100 -> -40.211846 | G31: =G30/G29*100 -> -52.514341 | H31: =H30/H29*100 -> -40.871675 | I31: =I30/I29*100 -> -42.549611

Sheet Piano_indicatori
A1: Piano degli indicatori | C1: Soglia | D1: 2016 | E1: 2017 | F1: 2018 | G1: 2019 | H1: 2020 | I1: 2021 | J1: 2022 | K1: 2023
A2: Rigidità strutturale di bilancio
A3: 1.1 | B3: Incidenza spese rigide (ripiano disavanzo,personale e debito) su entrate correnti | C3: 48 | D3: 10 | E3: 10 | F3: 10 | G3: 9.15 | H3: 9.11 | I3: 18.7 | J3: 6.6 | K3: 5.7353052
A4: Entrate correnti
A5: 2.1 | B5: Incidenza degli accertamenti di parte corrente sulle previsioni iniziali di parte corrente | D5: 110.79 | E5: 100 | F5: 102.31 | G5: 98.54 | H5: 105.08 | I5: 99.24 | J5: 105.93 | K5: 105.93
A6: 2.2 | B6: Incidenza degli accertamenti di parte corrente sulle previsioni definitive di parte corrente | D6: 97.22 | E6: 96.38 | F6: 94.02 | G6: 94.72 | H6: 95.35 | I6: 95.11 | J6: 96.83 | K6: 96.83
A7: 2.3 | B7: Incidenza degli accertamenti delle entrate proprie sulle previsioni iniziali di parte corrente | D7: 76.89 | E7: 77.89 | F7: 38.81 | G7: 78.98 | H7: 78.53 | I7: 78.32 | J7: 80.45 | K7: 80.45
A8: 2.4 | B8: Incidenza degli accertamenti delle entrate proprie sulle previsioni definitive di parte corrente | D8: 67.64 | E8: 74.74 | F8: 74.31 | G8: 76.13 | H8: 72.12 | I8: 75.27 | J8: 73.54 | K8: 73.54
A9: 2.5 | B9: Incidenza degli incassi correnti sulle previsioni iniziali di parte corrente | D9: 108.17 | E9: 60.91 | F9: 69.63 | G9: 53.69 | H9: 74.04 | I9: 68.64 | J9: 65.83 | K9: 65.83
A10: 2.6 | B10: Incidenza degli incassi correnti sulle previsioni definitive di parte corrente | D10: 94.92 | E10: 64.87 | F10: 67.14 | G10: 54.4 | H10: 70.22 | I10: 67.02 | J10: 62.22 | K10: 62.22
A11: 2.7 | B11: Incidenza degli incassi delle entrate proprie sulle previsioni iniziali di parte corrente | D11: 71.47 | E11: 45 | F11: 51.52 | G11: 46.26 | H11: 52.17 | I11: 52.5 | J11: 51.31 | K11: 51.31
A12: 2.8 | B12: Incidenza degli incassi delle entrate proprie sulle previsioni definitive di parte corrente | C12: 22 | D12: 62.72 | E12: 47.92 | F12: 49.81 | G12: 47.03 | H12: 49.62 | I12: 51.41 | J12: 48.49 | K12: 48.49
A13: Anticipazioni dell'Istituto tesoriere
A14: 3.1 | B14: Utilizzo medio Anticipazioni di tesoreria | D14: 0 | E14: 0 | F14: 0 | G14: 0 | H14: 0 | I14: 0 | J14: 0 | K14: 0
A15: 3.2 | B15: Anticipazione chiuse solo contabilmente | C15: 0 | D15: 0 | E15: 0 | F15: 0 | G15: 0 | H15: 0 | I15: 0 | J15: 0 | K15: 0
A16: Spese di personale
A17: 4.1 | B17: Incidenza della spesa di personale sulla spesa corrente | D17: 3.72 | E17: 2.75 | F17: 2.75 | G17: 2.75 | H17: 2.75 | I17: 3.8 | J17: 3.58 | K17: 2.4680237
A18: 4.2 | B18: Incidenza del salario accessorio ed incentivante rispetto al totale della spesa di personale | D18: 23.45 | E18: 22.4 | F18: 23.8 | G18: 28.32 | H18: 68.88 | I18: 24.73 | J18: 17.98 | K18: 17.98
A19: 4.3 | B19: Incidenza spesa personale flessibile rispetto al totale della spesa di personale | D19: 34.49 | E19: 34.49 | F19: 34.49 | G19: 34.49 | H19: 34.49 | I19: 23.39 | J19: 0 | K19: 0
A20: 4.4 | B20: Spesa di personale procapite | D20: 120.81781 | E20: 110.97229 | F20: 114.13553 | G20: 121.29166 | H20: 111.12658 | I20: 103.32524 | J20: 99.254606 | K20: 83.43849
A21: Esternalizzazione dei servizi
A22: 5.1 | B22: Indicatore di esternalizzazione dei servizi | D22: 1.55 | E22: 1.8 | F22: 1.76 | G22: 1.25 | H22: 1.5 | I22: 1.38 | J22: 0.22 | K22: 0.22
A23: Interessi passivi
A24: 6.1 | B24: Incidenza degli interessi passivi sulla spesa corrente | D24: 8.89 | E24: 12.8 | F24: 10.6 | G24: 13.69 | H24: 13.06 | I24: 1.3754594 | J24: 1.15 | K24: 1.2889336
A25: 6.2 | B25: Incidenza degli interessi passivi sulle anticipazioni sul totale della spesa per interessi passivi | D25: 19.39 | E25: 20.33 | F25: 24.41 | G25: 35.59 | H25: 0 | I25: 0 | J25: 0 | K25: 0
A26: 6.3 | B26: Incidenza interessi di mora sul totale della spesa per interessi passivi | D26: 0 | E26: 0 | F26: 0 | G26: -2.57 | H26: 0 | I26: 0 | J26: 0.67 | K26: 0.67
A27: Investimenti | E27: 0
A28: 7.1 | B28: Incidenza investimenti sul totale della spesa corrente e in conto capitale | D28: 0 | E28: 74.33 | F28: 16.573844 | G28: 13.689464 | H28: 13.063538 | I28: 14.902251 | J28: 17.85947 | K28: 14.562121
A29: 7.2 | B29: Investimenti diretti procapite | D29: 0 | E29: 0.87364321 | F29: 2.4707356 | G29: 15.372277 | H29: 5.4640722 | I29: 53.000441 | J29: 12.65 | K29: 74.337553
A30: 7.3 | B30: Contributi agli investimenti procapite | D30: 0 | E30: 572.28458 | F30: 558.42711 | G30: 444.43504 | H30: 460.39952 | I30: 493.32605 | J30: 708.62 | K30: 503.82098
A31: 7.4 | B31: Investimenti complessivi procapite | D31: 0 | E31: 573.15822 | F31: 560.89784 | G31: 459.80732 | H31: 465.8636 | I31: 546.32649 | J31: 721.27 | K31: 578.15853
A32: 7.5 | B32: Quota investimenti complessivi finanziati dal risparmio corrente | D32: 0 | E32: 17.638549 | F32: 0 | G32: 37.31 | H32: 45.2 | I32: 66.89 | J32: 4.66 | K32: 56.69553
A33: 7.6 | B33: Quota investimenti complessivi finanziati dal saldo positivo delle partite finanziarie | D33: 0 | E33: 0 | F33: 0 | G33: 100 | H33: 100 | I33: 100 | J33: 0 | K33: 51.575385
A34: 7.7 | B34: Quota investimenti complessivi finanziati da debito | D34: 0 | E34: 0 | F34: 0 | G34: 0 | H34: 0 | I34: 0 | J34: 0 | K34: 0
A35: Analisi dei residui
A36: 8.1 | B36: Incidenza nuovi residui passivi di parte corrente su stock residui passivi correnti | D36: 75.3 | E36: 93.13 | F36: 28.853078 | G36: 55.361062 | H36: 44.216059 | I36: 52.698049 | J36: 65.21 | K36: 51.575385
A37: 8.2 | B37: Incidenza nuovi residui passivi in c/capitale su stock residui passivi in conto capitale al 31/12 | D37: 84.61 | E37: 75.26 | F37: 88.172654 | G37: 60.59489 | H37: 75.729496 | I37: 78.471677 | J37: 69.85 | K37: 48.62306
A38: 8.3 | B38: Incidenza nuovi residui passivi per incremento attività finanziarie su stock residui passivi per incremento attività finanziarie al 31/12 | D38: 0 | E38: 84.48 | F38: 100 | G38: 100 | H38: 0 | I38: 0 | J38: 100 | K38: 0
A39: 8.4 | B39: Incidenza nuovi residui attivi di parte corrente su stock residui attivi di parte corrente | D39: 37.02 | E39: 47.86 | F39: 37.07429 | G39: 41.522101 | H39: 32.953955 | I39: 34.926668 | J39: 43.68 | K39: 36.864261
A40: 8.5 | B40: Incidenza nuovi residui attivi in c/capitale su stock residui attivi in c/capitale | D40: 0.62 | E40: 0 | F40: 52.384611 | G40: -35.92355 | H40: 45.203798 | I40: 66.887127 | J40: 48.96 | K40: 35.917077
A41: 8.6 | B41: Incidenza nuovi residui attivi per riduzione di attività finanziarie su stock residui attivi per riduzione di attività finanziarie | D41: 0 | E41: 0 | F41: 0 | G41: 0 | H41: 0 | I41: 0 | J41: 100 | K41: 100
A42: Smaltimento debiti non finanziari
A43: 9.1 | B43: Smaltimento debiti commerciali nati nell'esercizio | D43: 74.35 | E43: 0 | F43: 0 | G43: 0 | H43: 0 | I43: 0 | J43: 58.01 | K43: 58.01
A44: 9.2 | B44: Smaltimento debiti commerciali nati negli esercizi precedenti | D44: 52.87 | E44: 0 | F44: 0 | G44: 0 | H44: 0 | I44: 20.97 | J44: 60.27 | K44: 60.27
A45: 9.3 | B45: Smaltimento debiti verso altre amministrazioni pubbliche nati nell'esercizio | D45: 64.67 | E45: 4.54 | F45: 4.54 | G45: 4.54 | H45: 4.54 | I45: 10.46 | J45: 69.17 | K45: 69.17
A46: 9.4 | B46: Smaltimento debiti verso altre amministrazioni pubbliche nati negli esercizi precedenti | D46: 49.19 | E46: 0 | F46: 0 | G46: 0 | H46: 0 | I46: 0 | J46: 42.92 | K46: 42.92
A47: 9.5 | B47: Indicatore annuale di tempestività dei pagamenti | D47: 279.22 | E47: 40.97 | F47: 96.13 | G47: 99.75 | H47: 123.46 | I47: -2.77 | J47: 69.47 | K47: 145.92
A48: Debiti finanziari
A49: 10.1 | B49: Incidenza estinzioni anticipate debiti finanziari | D49: 0 | E49: 0 | F49: 0 | G49: 0 | H49: 0 | I49: 0 | J49: 0 | K49: 0
A50: 10.2 | B50: Incidenza estinzioni ordinarie debiti finanziari | D50: 4.89 | E50: 0 | F50: 0 | G50: 0 | H50: 0 | I50: 0 | J50: 5.1 | K50: 5.1
A51: 10.3 | B51: Sostenibilità debiti finanziari | C51: 16 | D51: 3.23 | E51: 0 | F51: 239.83 | G51: 0 | H51: 0 | I51: 0 | J51: 8.26 | K51: 8.26
A52: 10.4 | B52: Indebitamento procapite | D52: 0 | E52: 989.04528 | F52: 1184.0784 | G52: 1420.7794 | H52: 1503.5261 | I52: 1645.3443 | J52: 1577.2871 | K52: 1504.2927
A53: Composizione dell'avanzo di amministrazione | D53: 0 | E53: 0 | F53: 0 | G53: 0 | H53: 0 | I53: 0 | J53: 0 | K53: 0
A54: 11.1 | B54: Incidenza quota libera di parte corrente nell'avanzo | D54: 0 | E54: -357.69944 | F54: -378.93387 | G54: -525.62457 | H54: -884.55295 | I54: -763.52752 | J54: -392.44373 | K54: -373.79737
A55: 11.2 | B55: Incidenza quota libera in c/capitale nell'avanzo | D55: 0 | E55: 0 | F55: 0 | G55: 0 | H55: 0 | I55: 0 | J55: 0 | K55: 0
A56: 11.3 | B56: Incidenza quota accantonata nell'avanzo | D56: 0 | E56: 239.82683 | F56: 263.16731 | G56: 349.38874 | H56: 656.92449 | I56: 605.28405 | J56: 349.67503 | K56: 343.71507
A57: 11.4 | B57: Incidenza quota vincolata nell'avanzo | D57: 0 | E57: 217.87261 | F57: 215.76656 | G57: 276.23582 | H57: 327.62846 | I57: 258.24347 | J57: 142.7687 | K57: 130.0823
A58: Disavanzo di amministrazione | E58: 0
A59: 12.1 | B59: Quota disavanzo ripianato nell'esercizio | D59: 0 | E59: 0 | F59: -0.6273924 | G59: -0.52792119 | H59: 4.180577 | I59: 1.0274488 | J59: 2.3300703 | K59: 8.1604876
A60: 12.2 | B60: Incremento del disavanzo rispetto all'esercizio precedente | F60: 0.6273924 | G60: 0.52792119 | H60: -4.180577 | I60: -1.0274488 | J60: -2.3300703 | K60: -8.1604876
A61: 12.3 | B61: Sostenibilità patrimoniale del disavanzo | D61: 0 | E61: -491.05182 | F61: 100 | G61: 100 | H61: 100 | I61: 100 | J61: 100 | K61: 100
A62: 12.4 | B62: Sostenibilità disavanzo effettivamente a carico dell'esercizio | C62: 1.2 | D62: 65.06 | E62: 55.73 | F62: 2.1439016 | G62: 2.1117764 | H62: 2.040431 | I62: 4.322557 | J62: 1.890308 | K62: 3.8891601
A63: 12.5 | B63: Quota disavanzo derivante da debito autorizzato e non contratto | D63: 0 | E63: 0 | F63: 0 | G63: 0 | H63: 0 | I63: 0 | J63: 0 | K63: 0
A64: Debiti fuori bilancio
A65: 13.1 | B65: Debiti riconosciuti e finanziati | C65: 1 | D65: 59.8 | E65: 62.11 | F65: 47.81 | G65: 53.71 | H65: 50.23 | I65: 66.99 | J65: 2.87 | K65: 2.87
A66: 13.2 | B66: Debiti in corso di riconoscimento | D66: 0 | E66: 0 | F66: 0 | G66: 0 | H66: 0 | I66: 0 | J66: 0.02 | K66: 0.02
A67: 13.3 | B67: Debiti riconosciuti e in corso di finanziamento | C67: 0.6 | D67: 0 | E67: 0 | F67: 0 | G67: 0 | H67: 0 | I67: 0 | J67: 3.3 | K67: 3.3
A68: Fondo pluriennale vincolato
A69: 14.1 | B69: Utilizzo del FPV | D69: 40.44 | E69: 47.81 | F69: 67.34527 | G69: 53.705747 | H69: 50.226329 | I69: 66.990306 | J69: 78.55 | K69: 28.764437
A70: Partite di giro e conto terzi
A71: 15.1 | B71: Incidenza partite di giro e conto terzi in entrata | D71: 8.68 | E71: 0 | F71: 17.278795 | G71: 12.686854 | H71: 17.705685 | I71: 11.902201 | J71: 12.311612 | K71: 16.86449
A72: 15.2 | B72: Incidenza partite di giro e conto terzi in uscita | D72: 0 | E72: 0 | F72: 18.358084 | G72: 13.403424 | H72: 18.454312 | I72: 12.63562 | J72: 13.119861 | K72: 18.499618
A73: Entrate natura tributaria, contributiva e perequativa (Titolo 1)
B74: Complessiva | D74: 72.84 | E74: 69.8 | F74: 70.804592 | G74: 63.252303 | H74: 71.355969 | I74: 67.751905 | J74: 65.006686 | K74: 62.995903
B75: Crediti esigibili nell'esercizio | D75: 85.69 | E75: 85.74 | F75: 83.987385 | G75: 81.777903 | H75: 82.537125 | I75: 80.896 | J75: 78.228883 | K75: 79.090696
B76: Crediti esigibili negli esercizi precedenti | D76: 27.32 | E76: 25.05 | F76: 36.931605 | G76: 15.384687 | H76: 49.923401 | I76: 36.196418 | J76: 34.850216 | K76: 30.85481
A77: Totale Entrate | C77: 47 | D77: 70.955049 | E77: 65.874096 | F77: 66.084606 | G77: 60.134289 | H77: 72.43415 | I77: 65.272507 | J77: 57.703127 | K77: 59.082867
A78: Totale Entrate nette | D78: 68.620316 | E78: 64.549514 | F78: 63.284472 | G78: 57.501432 | H78: 70.595201 | I78: 63.066987 | J78: 55.017695 | K78: 55.658435
A79: Incidenza spesa (al netto servizi per conto terzi)
A80: 4 | B80: Istruzione e diritto allo studio | D80: 0.90385267 | E80: 2.2200133 | F80: 1.7094017 | G80: 0.87379715 | H80: 0.87135978 | I80: 0.77417948 | J80: 1.0460251 | K80: 0.96046901
A81: 9 | B81: Sviluppo sostenibile, tutela territ. e ambiente | D81: 3.1747825 | E81: 4.406892 | F81: 4.1595442 | G81: 2.2674483 | H81: 3.0612245 | I81: 2.1044597 | J81: 1.6626294 | K81: 5.033472
A82: 10 | B82: Trasporti e diritto alla mobilità | D82: 8.8238617 | E82: 5.1579412 | F82: 6.8945869 | G82: 6.238248 | H82: 4.6663609 | I82: 8.4178388 | J82: 9.5133231 | K82: 9.8811298
A83: 12 | B83: Diritti sociali, politiche sociali e famiglia | D83: 1.0168343 | E83: 1.0271703 | F83: 1.2193732 | G83: 1.3715297 | H83: 1.8000459 | I83: 1.7446298 | J83: 1.6075754 | K83: 1.6525092
A84: 13 | B84: Tutela della salute | D84: 68.613716 | E84: 64.00486 | F84: 61.766382 | G84: 64.572503 | H84: 65.546893 | I84: 59.731763 | J84: 67.507157 | K84: 63.490372
A85: Capacità di pagamento
A86: 4 | B86: Istruzione e diritto allo studio | D86: 94.89 | E86: 68.39 | F86: 38.889179 | G86: 50.468418 | H86: 60.844536 | I86: 54.41623 | J86: 21.646979 | K86: 21.013815
A87: 9 | B87: Sviluppo sostenibile, tutela territ. e ambiente | D87: 92.18 | E87: 83.88 | F87: 56.695726 | G87: 81.985316 | H87: 52.374521 | I87: 47.932804 | J87: 35.814534 | K87: 22.323014
A88: 10 | B88: Trasporti e diritto alla mobilità | D88: 98.39 | E88: 92.36 | F88: 77.507929 | G88: 76.365467 | H88: 85.192092 | I88: 56.372587 | J88: 37.389909 | K88: 56.012897
A89: 12 | B89: Diritti sociali, politiche sociali e famiglia | D89: 63.67 | E89: 53.15 | F89: 59.337685 | G89: 73.439042 | H89: 68.905542 | I89: 46.805322 | J89: 45.517968 | K89: 56.196797
A90: 13 | B90: Tutela della salute | D90: 66.41 | E90: 74.31 | F90: 78.029097 | G90: 67.464743 | H90: 78.288165 | I90: 75.578325 | J90: 67.734955 | K90: 71.141508
B91: Media Regioni
B92: Spesa di personale procapite | D92: 87.416718 | E92: 86.603572 | F92: 89.651891 | G92: 92.438478 | H92: 89.229131 | I92: 89.641111 | J92: 93.265299 | K92: 98.079318
B93: Investimenti complessivi procapite | D93: 240.60704 | E93: 229.99228 | F93: 245.46182 | G93: 256.8993 | H93: 271.74342 | I93: 242.54698 | J93: 342.08316 | K93: 390.98186
B94: Indicatore annuale di tempestività dei pagamenti | D94: 25.9735 | E94: 7.3942857 | F94: 8.6366667 | G94: 4.3038095 | H94: 1.8009524 | I94: -6.2214286 | J94: -3.8928571 | K94: -2.8428571
B95: Indebitamento procapite | D95: 1487.8265 | E95: 1454.4141 | F95: 1477.1917 | G95: 1407.1835 | H95: 1321.1295 | I95: 1105.0982 | J95: 1056.3366 | K95: 1020.6315
B97: Spesa per il personale (pro capite)
B118: Investimenti (pro capite)
B139: Indicatore annuale di tempestività dei pagamenti
B160: Indebitamento procapite
B181: Capacità di riscossione
...

Sheet Tav_indicatori
A1: Parametro | B1: Indicatore | C1: Descrizione | D1: Soglia | E1: 2016 | F1: 2017 | G1: 2018 | H1: 2019 | I1: 2020 | J1: 2021 | K1: 2022 | L1: 2023
A2: P.1 | B2: 1.1 | C2: Incidenza spese rigide (ripiano disavanzo, personale e debito) su entrate correnti | D2: > 48 | E2: =Piano_indicatori!D3 -> 10 | F2: =Piano_indicatori!E3 -> 10 | G2: =Piano_indicatori!F3 -> 10 | H2: =Piano_indicatori!G3 -> 9.15 | I2: =Piano_indicatori!H3 -> 9.11 | J2: =Piano_indicatori!I3 -> 18.7 | K2: =Piano_indicatori!J3 -> 6.6 | L2: =Piano_indicatori!K3 -> 5.7353052
A3: P.2 | B3: 2.8 | C3: Incidenza degli incassi delle entrate proprie sulle previsioni definitive di parte corrente | D3: <22 | E3: =Piano_indicatori!D12 -> 62.72 | F3: =Piano_indicatori!E12 -> 47.92 | G3: =Piano_indicatori!F12 -> 49.81 | H3: =Piano_indicatori!G12 -> 47.03 | I3: =Piano_indicatori!H12 -> 49.62 | J3: =Piano_indicatori!I12 -> 51.41 | K3: =Piano_indicatori!J12 -> 48.49 | L3: =Piano_indicatori!K12 -> 48.49
A4: P.3 | B4: 3.2 | C4: Anticipazione di tesoreria chiuse solo contabilmente | D4: >0 | E4: =Piano_indicatori!D15 -> 0 | F4: =Piano_indicatori!E15 -> 0 | G4: =Piano_indicatori!F15 -> 0 | H4: =Piano_indicatori!G15 -> 0 | I4: =Piano_indicatori!H15 -> 0 | J4: =Piano_indicatori!I15 -> 0 | K4: =Piano_indicatori!J15 -> 0 | L4: =Piano_indicatori!K15 -> 0
A5: P.4 | B5: 10.3 | C5: Sostenibilità dei debiti finanziari | D5: >16 | E5: =Piano_indicatori!D51 -> 3.23 | F5: =Piano_indicatori!E51 -> 0 | G5: =Piano_indicatori!F51 -> 239.83 | H5: =Piano_indicatori!G51 -> 0 | I5: =Piano_indicatori!H51 -> 0 | J5: =Piano_indicatori!I51 -> 0 | K5: =Piano_indicatori!J51 -> 8.26 | L5: =Piano_indicatori!K51 -> 8.26
A6: P.5 | B6: 12.4 | C6: Sostenibilità disavanzo effettivamente a carico dell'esercizio | D6: >1,2 | E6: =Piano_indicatori!D62 -> 65.06 | F6: =Piano_indicatori!E62 -> 55.73 | G6: =Piano_indicatori!F62 -> 2.1439016 | H6: =Piano_indicatori!G62 -> 2.1117764 | I6: =Piano_indicatori!H62 -> 2.040431 | J6: =Piano_indicatori!I62 -> 4.322557 | K6: =Piano_indicatori!J62 -> 1.890308 | L6: =Piano_indicatori!K62 -> 3.8891601
A7: P.6 | B7: 13.1 | C7: Debiti riconosciuti e finanziati | D7: >1 | E7: =Piano_indicatori!D65 -> 59.8 | F7: =Piano_indicatori!E65 -> 62.11 | G7: =Piano_indicatori!F65 -> 47.81 | H7: =Piano_indicatori!G65 -> 53.71 | I7: =Piano_indicatori!H65 -> 50.23 | J7: =Piano_indicatori!I65 -> 66.99 | K7: =Piano_indicatori!J65 -> 2.87 | L7: =Piano_indicatori!K65 -> 2.87
A8: P.7 | B8: 13.2/3 | C8: Debiti in corso di riconoscimento o di finanziamento | D8: >0,6 | E8: =Piano_indicatori!D66+Piano_indicatori!D67 -> 0 | F8: =Piano_indicatori!E66+Piano_indicatori!E67 -> 0 | G8: =Piano_indicatori!F66+Piano_indicatori!F67 -> 0 | H8: =Piano_indicatori!G66+Piano_indicatori!G67 -> 0 | I8: =Piano_indicatori!H66+Piano_indicatori!H67 -> 0 | J8: =Piano_indicatori!I66+Piano_indicatori!I67 -> 0 | K8: =Piano_indicatori!J66+Piano_indicatori!J67 -> 3.32 | L8: =Piano_indicatori!K66+Piano_indicatori!K67 -> 3.32
A9: P.8 | C9: Effettiva capacità di riscossione (totale Entrate) | D9: <47 | E9: =Piano_indicatori!D77 -> 70.955049 | F9: =Piano_indicatori!E77 -> 65.874096 | G9: =Piano_indicatori!F77 -> 66.084606 | H9: =Piano_indicatori!G77 -> 60.134289 | I9: =Piano_indicatori!H77 -> 72.43415 | J9: =Piano_indicatori!I77 -> 65.272507 | K9: =Piano_indicatori!J77 -> 57.703127 | L9: =Piano_indicatori!K77 -> 59.082867

Sheet Popolazione
A1: Anno | B1: Regione | C1: Var. % | D1: Saldo naturale | E1: Saldo migratorio | F1: Saldo censuario | G1: Verifica
A2: 2025 | B2: 287966 | C2: =B2/B3*100-100 -> -0.43495699
A3: 2024 | B3: 289224 | C3: =B3/B4*100-100 -> -0.48583107 | D3: -2330 | E3: =-1090+2162 -> 1072 | F3: 0 | G3: =B2-B3-D3-E3-F3 -> 0
A4: 2023 | B4: 290636 | C4: =B4/B5*100-100 -> -0.51822694 | D4: -2294 | E4: =-1329+2506 -> 1177 | F4: -295 | G4: =B3-B4-D4-E4-F4 -> 0
A5: 2022 | B5: 292150 | C5: =B5/B6*100-100 -> -0.72852318 | D5: -2601 | E5: =-1186+2334 -> 1148 | F5: -61 | G5: =B4-B5-D5-E5-F5 -> 0
A6: 2021 | B6: 294294 | C6: =B6/B7*100-100 -> -2.0704388 | D6: -2631 | E6: -703 | F6: 1190 | G6: =B5-B6-D6-E6-F6 -> 0
A7: 2020 | B7: 300516 | C7: =B7/B8*100-100 -> -1.0777182 | D7: -2336 | E7: -2025 | F7: -1861 | G7: =B6-B7-D7-E7-F7 -> 0
A8: 2019 | B8: 303790 | C8: =B8/B9*100-100 -> -0.90486815 | D8: -1736 | E8: -1710 | F8: 172 | G8: =B7-B8-D8-E8-F8 -> 0
A9: 2018 | B9: 306564 | C9: =B9/B10*100-100 -> -0.59533074 | D9: -1808 | E9: -966 | G9: =B8-B9-D9-E9-F9 -> 0
A10: 2017 | B10: 308400 | C10: =B10/B11*100-100 -> -0.52447214 | D10: -1735 | E10: -101 | G10: =B9-B10-D10-E10-F10 -> 0
A11: 2016 | B11: 310026 | C11: =B11/B12*100-100 -> -0.44059371 | D11: -1491 | E11: -135 | G11: =B10-B11-D11-E11-F11 -> 0
A12: 2015 | B12: 311398 | D12: -1703 | E12: 331 | G12: =B11-B12-D12-E12-F12 -> 0
A13: Popolazione al 1° gennaio
